Workbook

Sheet 实习管理表
A1: 注意事项: 导入可支持识别的日期时间格式为yyyy-MM-dd HH:mm:ss/yyyyMMdd/yyyyMM 可根据输入框要求填入到指定位数，例如年月填写2022-08 导入中所有多选都需要以英文逗号“,”做分割。 字段说明： 起始学期:填写学生实习开始学期。 实习岗位:一家企业可填写多个岗位。 是否对口:根据《职业学校实习管理规定》第八条要求，实习岗位应符合专业培养目标要求，与学生所学专业对口或相近 实习安排:根据《职业学校实习管理规定》第九、十一、二十条要求，选择学校统一安排/自主联系 实习形式:校外实习/校内真实职业场景实习/虚拟仿真实习。 实习时长（小时/天）:平均每天实习时长 是否赴国（境）外实习:安排学生赴国（境）外实习的，应当事先经学校主管部门同意，按程序报省级主管部门备案，并通过国家驻外有关机构了解实习环境、实习单位和实习内容等情况，必要时可派人实地考察 是否跨省实习:根据《职业学校实习管理规定》第二十四条要求职业学校组织学生跨省实习的，须事先经学校主管部门同意，按程序报省级主管部门备案 是否签订三方协议:根据《职业学校实习管理规定》发布的三方协议示范文本，职业学校、实习单位、学生签订三方协议 校级监督咨询电话:根据《教育部等八部门关于印发<职业学校学生实习管理规定>的通知》要求，职业学校要公布监督咨询电话，畅通政策咨询与情况反映渠道。 购买保险情况（可填多项）:根据《职业学校实习管理规定》第三十五条要求，职业学校和实习单位应当根据国家有关规定，为实习学生投保实习责任保险。责任保险范围应当覆盖实习活动的全过程，包括学生实习期间遭受意外事故及由于被保险人疏忽或过失导致的学生人身伤亡等情况下，被保险人依法应当承担的赔偿责任以及相关法律费用等。 保险险种名称（全称）:如果没有购买保险，就填“无”。 保单号:如果没有购买保险，就填“无”。 保险费出资方（全称）:如果没有购买保险，就填“无”。
A2: 学号 | B2: 姓名 | C2: 专业名称 | D2: 专业代码 | E2: 学院名称 | F2: 班级名称（全称） | G2: 学制 | H2: 起始学期 | I2: 实习岗位 | J2: 是否对口 | K2: 实习安排 | L2: 实习形式 | M2: 实习时长（小时/天） | N2: 实习起止日期（年月日） | O2: 实习起止日期（年月日） | P2: 是否赴国（境）外实习 | Q2: 是否跨省实习 | R2: 是否签订三方协议 | S2: 实习企业名称 | T2: 实习地点 | U2: 实习地点 | V2: 实习指导人员 | W2: 实习指导人员 | X2: 实习指导人员 | Y2: 实习指导人员 | Z2: 支付实习学生生均报酬（元/月） | AA2: 校级监督咨询电话 | AB2: 购买保险情况（可填多项） | AC2: 购买保险情况（可填多项） | AD2: 购买保险情况（可填多项） | AE2: 填报人 | AF2: 状态
A3: 学号 | B3: 姓名 | C3: 专业名称 | D3: 专业代码 | F3: 班级名称（全称） | G3: 学制 | H3: 起始学期 | I3: 实习岗位 | J3: 是否对口 | K3: 实习安排 | L3: 实习形式 | M3: 实习时长（小时/天） | N3: 实习开始时间 | O3: 实习结束时间 | P3: 是否赴国（境）外实习 | Q3: 是否跨省实习 | R3: 是否签订三方协议 | S3: 实习企业名称 | T3: 所在省份 | U3: 所在地市 | V3: 校内指导教师 | W3: 校内指导教师 | X3: 企业专门人员 | Y3: 企业专门人员 | Z3: 支付实习学生生均报酬（元/月） | AA3: 校级监督咨询电话 | AB3: 保险险种名称（全称） | AC3: 保单号 | AD3: 保险费出资方（全称） | AE3: 填报人 | AF3: 状态
A4: 学号 | B4: 姓名 | C4: 专业名称 | D4: 专业代码 | F4: 班级名称（全称） | G4: 学制 | H4: 起始学期 | I4: 实习岗位 | J4: 是否对口 | K4: 实习安排 | L4: 实习形式 | M4: 实习时长（小时/天） | N4: 实习开始时间 | O4: 实习结束时间 | P4: 是否赴国（境）外实习 | Q4: 是否跨省实习 | R4: 是否签订三方协议 | S4: 实习企业名称 | T4: 所在省份 | U4: 所在地市 | V4: 电话 | W4: 教师姓名 | X4: 电话 | Y4: 企业人员姓名 | Z4: 支付实习学生生均报酬（元/月） | AA4: 校级监督咨询电话 | AB4: 保险险种名称（全称） | AC4: 保单号 | AD4: 保险费出资方（全称） | AE4: 填报人 | AF4: 状态
A5: 195603020108 | B5: =VLOOKUP(A5,学号下拉数据!A:F,2,0) -> 夏禹 | C5: =VLOOKUP(A5,学号下拉数据!A:F,4,0) -> 电气自动化技术 | D5: =VLOOKUP(A5,学号下拉数据!A:F,5,0) -> 460306 | E5: 电子工程学院 | F5: =VLOOKUP(A5,学号下拉数据!A:F,3,0) -> 19电气 | G5: =VLOOKUP(A5,学号下拉数据!A:F,6,0) -> 三年 | H5: 2021-2022-2学期 | I5: =VLOOKUP(A5,[1]Sheet0!$C:$J,8,0) -> 电气工程师 | P5: 否 | S5: =VLOOKUP(A5,[1]Sheet0!$C:$I,7,0) -> 顺益惟劳务有限公司 | T5: =VLOOKUP(A5,[1]Sheet0!$C:$M,11,0) -> 四川省 | U5: =VLOOKUP(A5,[1]Sheet0!$C:$N,12,0) -> 成都市 | X5: =VLOOKUP(A5,[1]Sheet0!$C:$L,10,0) -> 15729751322 | Y5: =VLOOKUP(A5,[1]Sheet0!$C:$L,9,0) -> 夏丹 | AA5: 08252914551 | AB5: 实习责任险 | AD5: 四川职业技术学院
A6: 195603020126 | B6: =VLOOKUP(A6,学号下拉数据!A:F,2,0) -> 顾国辉 | C6: =VLOOKUP(A6,学号下拉数据!A:F,4,0) -> 电气自动化技术 | D6: =VLOOKUP(A6,学号下拉数据!A:F,5,0) -> 460306 | E6: 电子工程学院 | F6: =VLOOKUP(A6,学号下拉数据!A:F,3,0) -> 19电气 | G6: =VLOOKUP(A6,学号下拉数据!A:F,6,0) -> 三年 | H6: 2021-2022-2学期 | I6: =VLOOKUP(A6,[1]Sheet0!$C:$J,8,0) -> 储备技术岗 | P6: 否 | S6: =VLOOKUP(A6,[1]Sheet0!$C:$I,7,0) -> 无锡华润华晶微电子有限公司 | T6: =VLOOKUP(A6,[1]Sheet0!$C:$M,11,0) -> 江苏省 | U6: =VLOOKUP(A6,[1]Sheet0!$C:$N,12,0) -> 无锡市 | X6: =VLOOKUP(A6,[1]Sheet0!$C:$L,10,0) -> 13961781520 | Y6: =VLOOKUP(A6,[1]Sheet0!$C:$L,9,0) -> 章琳 | AA6: 08252914551 | AB6: 实习责任险 | AD6: 四川职业技术学院
A7: 195603020106 | B7: =VLOOKUP(A7,学号下拉数据!A:F,2,0) -> 刘洪兵 | C7: =VLOOKUP(A7,学号下拉数据!A:F,4,0) -> 电气自动化技术 | D7: =VLOOKUP(A7,学号下拉数据!A:F,5,0) -> 460306 | E7: 电子工程学院 | F7: =VLOOKUP(A7,学号下拉数据!A:F,3,0) -> 19电气 | G7: =VLOOKUP(A7,学号下拉数据!A:F,6,0) -> 三年 | H7: 2021-2022-2学期 | I7: =VLOOKUP(A7,[1]Sheet0!$C:$J,8,0) -> 生产和运输设备操作人员 | P7: 否 | S7: =VLOOKUP(A7,[1]Sheet0!$C:$I,7,0) -> 四川锦洲服饰有限公司 | T7: =VLOOKUP(A7,[1]Sheet0!$C:$M,11,0) -> 四川省 | U7: =VLOOKUP(A7,[1]Sheet0!$C:$N,12,0) -> 成都市 | X7: =VLOOKUP(A7,[1]Sheet0!$C:$L,10,0) -> 15982525205 | Y7: =VLOOKUP(A7,[1]Sheet0!$C:$L,9,0) -> 杜胜 | AA7: 08252914551 | AB7: 实习责任险 | AD7: 四川职业技术学院
A8: 195603020127 | B8: =VLOOKUP(A8,学号下拉数据!A:F,2,0) -> 熊圣 | C8: =VLOOKUP(A8,学号下拉数据!A:F,4,0) -> 电气自动化技术 | D8: =VLOOKUP(A8,学号下拉数据!A:F,5,0) -> 460306 | E8: 电子工程学院 | F8: =VLOOKUP(A8,学号下拉数据!A:F,3,0) -> 19电气 | G8: =VLOOKUP(A8,学号下拉数据!A:F,6,0) -> 三年 | H8: 2021-2022-2学期 | I8: =VLOOKUP(A8,[1]Sheet0!$C:$J,8,0) -> 生产和运输设备操作人员 | P8: 否 | S8: =VLOOKUP(A8,[1]Sheet0!$C:$I,7,0) -> 四川锦洲服饰有限公司 | T8: =VLOOKUP(A8,[1]Sheet0!$C:$M,11,0) -> 四川省 | U8: =VLOOKUP(A8,[1]Sheet0!$C:$N,12,0) -> 成都市 | X8: =VLOOKUP(A8,[1]Sheet0!$C:$L,10,0) -> 15982525205 | Y8: =VLOOKUP(A8,[1]Sheet0!$C:$L,9,0) -> 杜胜 | AA8: 08252914551 | AB8: 实习责任险 | AD8: 四川职业技术学院
A9: 195603020102 | B9: =VLOOKUP(A9,学号下拉数据!A:F,2,0) -> 李浩 | C9: =VLOOKUP(A9,学号下拉数据!A:F,4,0) -> 电气自动化技术 | D9: =VLOOKUP(A9,学号下拉数据!A:F,5,0) -> 460306 | E9: 电子工程学院 | F9: =VLOOKUP(A9,学号下拉数据!A:F,3,0) -> 19电气 | G9: =VLOOKUP(A9,学号下拉数据!A:F,6,0) -> 三年 | H9: 2021-2022-2学期 | I9: =VLOOKUP(A9,[1]Sheet0!$C:$J,8,0) -> 动力运维岗 | P9: 否 | S9: =VLOOKUP(A9,[1]Sheet0!$C:$I,7,0) -> 成都京东方光电科技有限公司 | T9: =VLOOKUP(A9,[1]Sheet0!$C:$M,11,0) -> 四川省 | U9: =VLOOKUP(A9,[1]Sheet0!$C:$N,12,0) -> 成都市 | X9: =VLOOKUP(A9,[1]Sheet0!$C:$L,10,0) -> 18782719753 | Y9: =VLOOKUP(A9,[1]Sheet0!$C:$L,9,0) -> 李浩 | AA9: 08252914551 | AB9: 实习责任险 | AD9: 四川职业技术学院
A10: 195603020112 | B10: =VLOOKUP(A10,学号下拉数据!A:F,2,0) -> 刘丝雨 | C10: =VLOOKUP(A10,学号下拉数据!A:F,4,0) -> 电气自动化技术 | D10: =VLOOKUP(A10,学号下拉数据!A:F,5,0) -> 460306 | E10: 电子工程学院 | F10: =VLOOKUP(A10,学号下拉数据!A:F,3,0) -> 19电气 | G10: =VLOOKUP(A10,学号下拉数据!A:F,6,0) -> 三年 | H10: 2021-2022-2学期 | I10: =VLOOKUP(A10,[1]Sheet0!$C:$J,8,0) -> 技术工人岗 | P10: 否 | S10: =VLOOKUP(A10,[1]Sheet0!$C:$I,7,0) -> 京东方科技集团股份有限公司 | T10: =VLOOKUP(A10,[1]Sheet0!$C:$M,11,0) -> 四川省 | U10: =VLOOKUP(A10,[1]Sheet0!$C:$N,12,0) -> 成都市 | X10: =VLOOKUP(A10,[1]Sheet0!$C:$L,10,0) -> 15520459284 | Y10: =VLOOKUP(A10,[1]Sheet0!$C:$L,9,0) -> 刘丝雨 | AA10: 08252914551 | AB10: 实习责任险 | AD10: 四川职业技术学院
A11: 195603020104 | B11: =VLOOKUP(A11,学号下拉数据!A:F,2,0) -> 余飞 | C11: =VLOOKUP(A11,学号下拉数据!A:F,4,0) -> 电气自动化技术 | D11: =VLOOKUP(A11,学号下拉数据!A:F,5,0) -> 460306 | E11: 电子工程学院 | F11: =VLOOKUP(A11,学号下拉数据!A:F,3,0) -> 19电气 | G11: =VLOOKUP(A11,学号下拉数据!A:F,6,0) -> 三年 | H11: 2021-2022-2学期 | I11: =VLOOKUP(A11,[1]Sheet0!$C:$J,8,0) -> 技术员 | P11: 否 | S11: =VLOOKUP(A11,[1]Sheet0!$C:$I,7,0) -> 上海珺智电子有限公司 | T11: =VLOOKUP(A11,[1]Sheet0!$C:$M,11,0) -> 上海市 | U11: =VLOOKUP(A11,[1]Sheet0!$C:$N,12,0) -> 上海市 | X11: =VLOOKUP(A11,[1]Sheet0!$C:$L,10,0) -> 18019469333 | Y11: =VLOOKUP(A11,[1]Sheet0!$C:$L,9,0) -> 丁铖君 | AA11: 08252914551 | AB11: 实习责任险 | AD11: 四川职业技术学院
A12: 195603020137 | B12: =VLOOKUP(A12,学号下拉数据!A:F,2,0) -> 王潘 | C12: =VLOOKUP(A12,学号下拉数据!A:F,4,0) -> 电气自动化技术 | D12: =VLOOKUP(A12,学号下拉数据!A:F,5,0) -> 460306 | E12: 电子工程学院 | F12: =VLOOKUP(A12,学号下拉数据!A:F,3,0) -> 19电气 | G12: =VLOOKUP(A12,学号下拉数据!A:F,6,0) -> 三年 | H12: 2021-2022-2学期 | I12: =VLOOKUP(A12,[1]Sheet0!$C:$J,8,0) -> 测试实习生 | P12: 否 | S12: =VLOOKUP(A12,[1]Sheet0!$C:$I,7,0) -> 上海珺智电子有限公司 | T12: =VLOOKUP(A12,[1]Sheet0!$C:$M,11,0) -> 上海市 | U12: =VLOOKUP(A12,[1]Sheet0!$C:$N,12,0) -> 上海市 | X12: =VLOOKUP(A12,[1]Sheet0!$C:$L,10,0) -> 18019469333 | Y12: =VLOOKUP(A12,[1]Sheet0!$C:$L,9,0) -> 丁铖君 | AA12: 08252914551 | AB12: 实习责任险 | AD12: 四川职业技术学院
A13: 195603020130 | B13: =VLOOKUP(A13,学号下拉数据!A:F,2,0) -> 丁千禧 | C13: =VLOOKUP(A13,学号下拉数据!A:F,4,0) -> 电气自动化技术 | D13: =VLOOKUP(A13,学号下拉数据!A:F,5,0) -> 460306 | E13: 电子工程学院 | F13: =VLOOKUP(A13,学号下拉数据!A:F,3,0) -> 19电气 | G13: =VLOOKUP(A13,学号下拉数据!A:F,6,0) -> 三年 | H13: 2021-2022-2学期 | I13: =VLOOKUP(A13,[1]Sheet0!$C:$J,8,0) -> 运营岗 | P13: 否 | S13: =VLOOKUP(A13,[1]Sheet0!$C:$I,7,0) -> 京东方科技集团有限公司 | T13: =VLOOKUP(A13,[1]Sheet0!$C:$M,11,0) -> 四川省 | U13: =VLOOKUP(A13,[1]Sheet0!$C:$N,12,0) -> 成都市 | X13: =VLOOKUP(A13,[1]Sheet0!$C:$L,10,0) -> 13629075103 | Y13: =VLOOKUP(A13,[1]Sheet0!$C:$L,9,0) -> 丁千禧 | AA13: 08252914551 | AB13: 实习责任险 | AD13: 四川职业技术学院
A14: 195603020131 | B14: =VLOOKUP(A14,学号下拉数据!A:F,2,0) -> 吴源源 | C14: =VLOOKUP(A14,学号下拉数据!A:F,4,0) -> 电气自动化技术 | D14: =VLOOKUP(A14,学号下拉数据!A:F,5,0) -> 460306 | E14: 电子工程学院 | F14: =VLOOKUP(A14,学号下拉数据!A:F,3,0) -> 19电气 | G14: =VLOOKUP(A14,学号下拉数据!A:F,6,0) -> 三年 | H14: 2021-2022-2学期 | I14: =VLOOKUP(A14,[1]Sheet0!$C:$J,8,0) -> 电梯维保 | P14: 否 | S14: =VLOOKUP(A14,[1]Sheet0!$C:$I,7,0) -> 四川瀛洲电梯有限公司 | T14: =VLOOKUP(A14,[1]Sheet0!$C:$M,11,0) -> 四川省 | U14: =VLOOKUP(A14,[1]Sheet0!$C:$N,12,0) -> 成都市 | X14: =VLOOKUP(A14,[1]Sheet0!$C:$L,10,0) -> 18382337694 | Y14: =VLOOKUP(A14,[1]Sheet0!$C:$L,9,0) -> 陈洪 | AA14: 08252914551 | AB14: 实习责任险 | AD14: 四川职业技术学院
A15: 195603020122 | B15: =VLOOKUP(A15,学号下拉数据!A:F,2,0) -> 王娟 | C15: =VLOOKUP(A15,学号下拉数据!A:F,4,0) -> 电气自动化技术 | D15: =VLOOKUP(A15,学号下拉数据!A:F,5,0) -> 460306 | E15: 电子工程学院 | F15: =VLOOKUP(A15,学号下拉数据!A:F,3,0) -> 19电气 | G15: =VLOOKUP(A15,学号下拉数据!A:F,6,0) -> 三年 | H15: 2021-2022-2学期 | I15: =VLOOKUP(A15,[1]Sheet0!$C:$J,8,0) -> 电气自动化 | P15: 否 | S15: =VLOOKUP(A15,[1]Sheet0!$C:$I,7,0) -> 西南水泥有限公司 | T15: =VLOOKUP(A15,[1]Sheet0!$C:$M,11,0) -> 四川省 | U15: =VLOOKUP(A15,[1]Sheet0!$C:$N,12,0) -> 广元市 | X15: =VLOOKUP(A15,[1]Sheet0!$C:$L,10,0) -> 15643187612 | Y15: =VLOOKUP(A15,[1]Sheet0!$C:$L,9,0) -> 刘妍然 | AA15: 08252914551 | AB15: 实习责任险 | AD15: 四川职业技术学院
A16: 195603020119 | B16: =VLOOKUP(A16,学号下拉数据!A:F,2,0) -> 袁滢萍 | C16: =VLOOKUP(A16,学号下拉数据!A:F,4,0) -> 电气自动化技术 | D16: =VLOOKUP(A16,学号下拉数据!A:F,5,0) -> 460306 | E16: 电子工程学院 | F16: =VLOOKUP(A16,学号下拉数据!A:F,3,0) -> 19电气 | G16: =VLOOKUP(A16,学号下拉数据!A:F,6,0) -> 三年 | H16: 2021-2022-2学期 | I16: =VLOOKUP(A16,[1]Sheet0!$C:$J,8,0) -> 技术员 | P16: 否 | S16: =VLOOKUP(A16,[1]Sheet0!$C:$I,7,0) -> 巴中市蜀天勘测设计咨询有限公司 | T16: =VLOOKUP(A16,[1]Sheet0!$C:$M,11,0) -> 四川省 | U16: =VLOOKUP(A16,[1]Sheet0!$C:$N,12,0) -> 巴中市 | X16: =VLOOKUP(A16,[1]Sheet0!$C:$L,10,0) -> 13980290105 | Y16: =VLOOKUP(A16,[1]Sheet0!$C:$L,9,0) -> 袁滢萍 | AA16: 08252914551 | AB16: 实习责任险 | AD16: 四川职业技术学院
... A38: 195603020118 | B38: =VLOOKUP(A38,学号下拉数据!A:F,2,0) -> 杨添一 | C38: =VLOOKUP(A38,学号下拉数据!A:F,4,0) -> 电气自动化技术 | D38: =VLOOKUP(A38,学号下拉数据!A:F,5,0) -> 460306 | E38: 电子工程学院 | F38: =VLOOKUP(A38,学号下拉数据!A:F,3,0) -> 19电气 | G38: =VLOOKUP(A38,学号下拉数据!A:F,6,0) -> 三年 | H38: 2021-2022-2学期 | I38: =VLOOKUP(A38,[1]Sheet0!$C:$J,8,0) -> 设备运维岗 | P38: 否 | S38: =VLOOKUP(A38,[1]Sheet0!$C:$I,7,0) -> 南充恒通电力有限公司营山分公司 | T38: =VLOOKUP(A38,[1]Sheet0!$C:$M,11,0) -> 四川省 | U38: =VLOOKUP(A38,[1]Sheet0!$C:$N,12,0) -> 南充市 | X38: =VLOOKUP(A38,[1]Sheet0!$C:$L,10,0) -> 181450711262 | Y38: =VLOOKUP(A38,[1]Sheet0!$C:$L,9,0) -> 蒋萍 | AA38: 08252914551 | AB38: 实习责任险 | AD38: 四川职业技术学院
A39: 195603020128 | B39: =VLOOKUP(A39,学号下拉数据!A:F,2,0) -> 吉子日色 | C39: =VLOOKUP(A39,学号下拉数据!A:F,4,0) -> 电气自动化技术 | D39: =VLOOKUP(A39,学号下拉数据!A:F,5,0) -> 460306 | E39: 电子工程学院 | F39: =VLOOKUP(A39,学号下拉数据!A:F,3,0) -> 19电气 | G39: =VLOOKUP(A39,学号下拉数据!A:F,6,0) -> 三年 | P39: 否 | S39: =VLOOKUP(A39,[3]Sheet1!$A:$K,10,0) -> #N/A | T39: =VLOOKUP(A39,[3]Sheet1!$A:$K,11,0) -> #N/A | AA39: 08252914551 | AB39: 实习责任险 | AD39: 四川职业技术学院
A40: 195603020135 | B40: =VLOOKUP(A40,学号下拉数据!A:F,2,0) -> 张森 | C40: =VLOOKUP(A40,学号下拉数据!A:F,4,0) -> 电气自动化技术 | D40: =VLOOKUP(A40,学号下拉数据!A:F,5,0) -> 460306 | E40: 电子工程学院 | F40: =VLOOKUP(A40,学号下拉数据!A:F,3,0) -> 19电气 | G40: =VLOOKUP(A40,学号下拉数据!A:F,6,0) -> 三年 | P40: 否 | S40: =VLOOKUP(A40,[3]Sheet1!$A:$K,10,0) -> #N/A | T40: =VLOOKUP(A40,[3]Sheet1!$A:$K,11,0) -> #N/A | AA40: 08252914551 | AB40: 实习责任险 | AD40: 四川职业技术学院
A41: 196101010110 | B41: =VLOOKUP(A41,学号下拉数据!A:F,2,0) -> 杨国林 | C41: =VLOOKUP(A41,学号下拉数据!A:F,4,0) -> 电子信息工程技术 | D41: =VLOOKUP(A41,学号下拉数据!A:F,5,0) -> 510101 | E41: 电子工程学院 | F41: =VLOOKUP(A41,学号下拉数据!A:F,3,0) -> 19电信1 | G41: =VLOOKUP(A41,学号下拉数据!A:F,6,0) -> 三年 | H41: 2021-2022-2学期 | I41: =VLOOKUP(A41,[1]Sheet0!$C:$J,8,0) -> 设备维修 | P41: 否 | S41: =VLOOKUP(A41,[1]Sheet0!$C:$I,7,0) -> 江苏大生集团有限公司 | T41: =VLOOKUP(A41,[1]Sheet0!$C:$M,11,0) -> 江苏省 | U41: =VLOOKUP(A41,[1]Sheet0!$C:$N,12,0) -> 南通市 | X41: =VLOOKUP(A41,[1]Sheet0!$C:$L,10,0) -> 139216087667 | Y41: =VLOOKUP(A41,[1]Sheet0!$C:$L,9,0) -> 方雯 | AA41: 08252914551 | AB41: 实习责任险 | AD41: 四川职业技术学院
A42: 196101010101 | B42: =VLOOKUP(A42,学号下拉数据!A:F,2,0) -> 袁潮 | C42: =VLOOKUP(A42,学号下拉数据!A:F,4,0) -> 电子信息工程技术 | D42: =VLOOKUP(A42,学号下拉数据!A:F,5,0) -> 510101 | E42: 电子工程学院 | F42: =VLOOKUP(A42,学号下拉数据!A:F,3,0) -> 19电信1 | G42: =VLOOKUP(A42,学号下拉数据!A:F,6,0) -> 三年 | H42: 2021-2022-2学期 | I42: =VLOOKUP(A42,[1]Sheet0!$C:$J,8,0) -> 设备维修 | P42: 否 | S42: =VLOOKUP(A42,[1]Sheet0!$C:$I,7,0) -> 江苏大生集团有限公司 | T42: =VLOOKUP(A42,[1]Sheet0!$C:$M,11,0) -> 江苏省 | U42: =VLOOKUP(A42,[1]Sheet0!$C:$N,12,0) -> 南通市 | X42: =VLOOKUP(A42,[1]Sheet0!$C:$L,10,0) -> 13921608767 | Y42: =VLOOKUP(A42,[1]Sheet0!$C:$L,9,0) -> 方雯 | AA42: 08252914551 | AB42: 实习责任险 | AD42: 四川职业技术学院
A43: 196101010109 | B43: =VLOOKUP(A43,学号下拉数据!A:F,2,0) -> 蒋鑫利 | C43: =VLOOKUP(A43,学号下拉数据!A:F,4,0) -> 电子信息工程技术 | D43: =VLOOKUP(A43,学号下拉数据!A:F,5,0) -> 510101 | E43: 电子工程学院 | F43: =VLOOKUP(A43,学号下拉数据!A:F,3,0) -> 19电信1 | G43: =VLOOKUP(A43,学号下拉数据!A:F,6,0) -> 三年 | H43: 2021-2022-2学期 | I43: =VLOOKUP(A43,[1]Sheet0!$C:$J,8,0) -> 文员 | P43: 否 | S43: =VLOOKUP(A43,[1]Sheet0!$C:$I,7,0) -> 东莞市长安琼秀五金厂 | T43: =VLOOKUP(A43,[1]Sheet0!$C:$M,11,0) -> 广东省 | U43: =VLOOKUP(A43,[1]Sheet0!$C:$N,12,0) -> 惠州市 | X43: =VLOOKUP(A43,[1]Sheet0!$C:$L,10,0) -> 13620036034 | Y43: =VLOOKUP(A43,[1]Sheet0!$C:$L,9,0) -> 易池华 | AA43: 08252914551 | AB43: 实习责任险 | AD43: 四川职业技术学院
A44: 196101010119 | B44: =VLOOKUP(A44,学号下拉数据!A:F,2,0) -> 张涵 | C44: =VLOOKUP(A44,学号下拉数据!A:F,4,0) -> 电子信息工程技术 | D44: =VLOOKUP(A44,学号下拉数据!A:F,5,0) -> 510101 | E44: 电子工程学院 | F44: =VLOOKUP(A44,学号下拉数据!A:F,3,0) -> 19电信1 | G44: =VLOOKUP(A44,学号下拉数据!A:F,6,0) -> 三年 | H44: 2021-2022-2学期 | I44: =VLOOKUP(A44,[1]Sheet0!$C:$J,8,0) -> 网站运营 | P44: 否 | S44: =VLOOKUP(A44,[1]Sheet0!$C:$I,7,0) -> 四川盈晖电子商务有限公司 | T44: =VLOOKUP(A44,[1]Sheet0!$C:$M,11,0) -> 四川省 | U44: =VLOOKUP(A44,[1]Sheet0!$C:$N,12,0) -> 宜宾市 | X44: =VLOOKUP(A44,[1]Sheet0!$C:$L,10,0) -> 18384105104 | Y44: =VLOOKUP(A44,[1]Sheet0!$C:$L,9,0) -> 周永高 | AA44: 08252914551 | AB44: 实习责任险 | AD44: 四川职业技术学院
A45: 196101010107 | B45: =VLOOKUP(A45,学号下拉数据!A:F,2,0) -> 范忠毅 | C45: =VLOOKUP(A45,学号下拉数据!A:F,4,0) -> 电子信息工程技术 | D45: =VLOOKUP(A45,学号下拉数据!A:F,5,0) -> 510101 | E45: 电子工程学院 | F45: =VLOOKUP(A45,学号下拉数据!A:F,3,0) -> 19电信1 | G45: =VLOOKUP(A45,学号下拉数据!A:F,6,0) -> 三年 | H45: 2021-2022-2学期 | I45: =VLOOKUP(A45,[1]Sheet0!$C:$J,8,0) -> 后端开发工程师 | P45: 否 | S45: =VLOOKUP(A45,[1]Sheet0!$C:$I,7,0) -> 北京法先生科技有限公司 | T45: =VLOOKUP(A45,[1]Sheet0!$C:$M,11,0) -> 北京市 | U45: =VLOOKUP(A45,[1]Sheet0!$C:$N,12,0) -> 北京市 | X45: =VLOOKUP(A45,[1]Sheet0!$C:$L,10,0) -> 13734004642 | Y45: =VLOOKUP(A45,[1]Sheet0!$C:$L,9,0) -> 邸丽蓉 | AA45: 08252914551 | AB45: 实习责任险 | AD45: 四川职业技术学院
A46: 196101010108 | B46: =VLOOKUP(A46,学号下拉数据!A:F,2,0) -> 张红 | C46: =VLOOKUP(A46,学号下拉数据!A:F,4,0) -> 电子信息工程技术 | D46: =VLOOKUP(A46,学号下拉数据!A:F,5,0) -> 510101 | E46: 电子工程学院 | F46: =VLOOKUP(A46,学号下拉数据!A:F,3,0) -> 19电信1 | G46: =VLOOKUP(A46,学号下拉数据!A:F,6,0) -> 三年 | H46: 2021-2022-2学期 | I46: =VLOOKUP(A46,[1]Sheet0!$C:$J,8,0) -> 操作工 | P46: 否 | S46: =VLOOKUP(A46,[1]Sheet0!$C:$I,7,0) -> 通富微电子股份有限公司 | T46: =VLOOKUP(A46,[1]Sheet0!$C:$M,11,0) -> 江苏省 | U46: =VLOOKUP(A46,[1]Sheet0!$C:$N,12,0) -> 南通市 | X46: =VLOOKUP(A46,[1]Sheet0!$C:$L,10,0) -> 18962911195 | Y46: =VLOOKUP(A46,[1]Sheet0!$C:$L,9,0) -> 徐津 | AA46: 08252914551 | AB46: 实习责任险 | AD46: 四川职业技术学院
A47: 196101010120 | B47: =VLOOKUP(A47,学号下拉数据!A:F,2,0) -> 刘凯 | C47: =VLOOKUP(A47,学号下拉数据!A:F,4,0) -> 电子信息工程技术 | D47: =VLOOKUP(A47,学号下拉数据!A:F,5,0) -> 510101 | E47: 电子工程学院 | F47: =VLOOKUP(A47,学号下拉数据!A:F,3,0) -> 19电信1 | G47: =VLOOKUP(A47,学号下拉数据!A:F,6,0) -> 三年 | H47: 2021-2022-2学期 | I47: =VLOOKUP(A47,[1]Sheet0!$C:$J,8,0) -> 设备维护员 | P47: 否 | S47: =VLOOKUP(A47,[1]Sheet0!$C:$I,7,0) -> 广安市前锋区倬成商贸有限公司 | T47: =VLOOKUP(A47,[1]Sheet0!$C:$M,11,0) -> 四川省 | U47: =VLOOKUP(A47,[1]Sheet0!$C:$N,12,0) -> 广安市 | X47: =VLOOKUP(A47,[1]Sheet0!$C:$L,10,0) -> 18882687777 | Y47: =VLOOKUP(A47,[1]Sheet0!$C:$L,9,0) -> 叶述林 | AA47: 08252914551 | AB47: 实习责任险 | AD47: 四川职业技术学院
A48: 196101010104 | B48: =VLOOKUP(A48,学号下拉数据!A:F,2,0) -> 陈祝懿 | C48: =VLOOKUP(A48,学号下拉数据!A:F,4,0) -> 电子信息工程技术 | D48: =VLOOKUP(A48,学号下拉数据!A:F,5,0) -> 510101 | E48: 电子工程学院 | F48: =VLOOKUP(A48,学号下拉数据!A:F,3,0) -> 19电信1 | G48: =VLOOKUP(A48,学号下拉数据!A:F,6,0) -> 三年 | H48: 2021-2022-2学期 | I48: =VLOOKUP(A48,[1]Sheet0!$C:$J,8,0) -> 设备技术人员 | P48: 否 | S48: =VLOOKUP(A48,[1]Sheet0!$C:$I,7,0) -> 犍为县信安燃气阀门有限公司 | T48: =VLOOKUP(A48,[1]Sheet0!$C:$M,11,0) -> 四川省 | U48: =VLOOKUP(A48,[1]Sheet0!$C:$N,12,0) -> 乐山市 | X48: =VLOOKUP(A48,[1]Sheet0!$C:$L,10,0) -> 18981338819 | Y48: =VLOOKUP(A48,[1]Sheet0!$C:$L,9,0) -> 祝燕萍 | AA48: 08252914551 | AB48: 实习责任险 | AD48: 四川职业技术学院
A49: 196101010121 | B49: =VLOOKUP(A49,学号下拉数据!A:F,2,0) -> 向仕安 | C49: =VLOOKUP(A49,学号下拉数据!A:F,4,0) -> 电子信息工程技术 | D49: =VLOOKUP(A49,学号下拉数据!A:F,5,0) -> 510101 | E49: 电子工程学院 | F49: =VLOOKUP(A49,学号下拉数据!A:F,3,0) -> 19电信1 | G49: =VLOOKUP(A49,学号下拉数据!A:F,6,0) -> 三年 | H49: 2021-2022-2学期 | I49: =VLOOKUP(A49,[1]Sheet0!$C:$J,8,0) -> 技术员 | P49: 否 | S49: =VLOOKUP(A49,[1]Sheet0!$C:$I,7,0) -> 四川易客邦网络科技有限公司 | T49: =VLOOKUP(A49,[1]Sheet0!$C:$M,11,0) -> 四川省 | U49: =VLOOKUP(A49,[1]Sheet0!$C:$N,12,0) -> 绵阳市 | X49: =VLOOKUP(A49,[1]Sheet0!$C:$L,10,0) -> 18823771024 | Y49: =VLOOKUP(A49,[1]Sheet0!$C:$L,9,0) -> 刘俊 | AA49: 08252914551 | AB49: 实习责任险 | AD49: 四川职业技术学院
A50: 196101010112 | B50: =VLOOKUP(A50,学号下拉数据!A:F,2,0) -> 郑长鑫 | C50: =VLOOKUP(A50,学号下拉数据!A:F,4,0) -> 电子信息工程技术 | D50: =VLOOKUP(A50,学号下拉数据!A:F,5,0) -> 510101 | E50: 电子工程学院 | F50: =VLOOKUP(A50,学号下拉数据!A:F,3,0) -> 19电信1 | G50: =VLOOKUP(A50,学号下拉数据!A:F,6,0) -> 三年 | H50: 2021-2022-2学期 | I50: =VLOOKUP(A50,[1]Sheet0!$C:$J,8,0) -> 设备维护 | P50: 否 | S50: =VLOOKUP(A50,[1]Sheet0!$C:$I,7,0) -> 江苏大生集团有限公司 | T50: =VLOOKUP(A50,[1]Sheet0!$C:$M,11,0) -> 江苏省 | U50: =VLOOKUP(A50,[1]Sheet0!$C:$N,12,0) -> 南通市 | X50: =VLOOKUP(A50,[1]Sheet0!$C:$L,10,0) -> 13921608767 | Y50: =VLOOKUP(A50,[1]Sheet0!$C:$L,9,0) -> 方雯 | AA50: 08252914551 | AB50: 实习责任险 | AD50: 四川职业技术学院
A51: 196101010118 | B51: =VLOOKUP(A51,学号下拉数据!A:F,2,0) -> 秦宗槐 | C51: =VLOOKUP(A51,学号下拉数据!A:F,4,0) -> 电子信息工程技术 | D51: =VLOOKUP(A51,学号下拉数据!A:F,5,0) -> 510101 | E51: 电子工程学院 | F51: =VLOOKUP(A51,学号下拉数据!A:F,3,0) -> 19电信1 | G51: =VLOOKUP(A51,学号下拉数据!A:F,6,0) -> 三年 | H51: 2021-2022-2学期 | I51: =VLOOKUP(A51,[1]Sheet0!$C:$J,8,0) -> 设备维修 | P51: 否 | S51: =VLOOKUP(A51,[1]Sheet0!$C:$I,7,0) -> 江苏大生集团 | T51: =VLOOKUP(A51,[1]Sheet0!$C:$M,11,0) -> 江苏省 | U51: =VLOOKUP(A51,[1]Sheet0!$C:$N,12,0) -> 南通市 | X51: =VLOOKUP(A51,[1]Sheet0!$C:$L,10,0) -> 13921608767 | Y51: =VLOOKUP(A51,[1]Sheet0!$C:$L,9,0) -> 方雯 | AA51: 08252914551 | AB51: 实习责任险 | AD51: 四川职业技术学院
A52: 196101010127 | B52: =VLOOKUP(A52,学号下拉数据!A:F,2,0) -> 樊博宇 | C52: =VLOOKUP(A52,学号下拉数据!A:F,4,0) -> 电子信息工程技术 | D52: =VLOOKUP(A52,学号下拉数据!A:F,5,0) -> 510101 | E52: 电子工程学院 | F52: =VLOOKUP(A52,学号下拉数据!A:F,3,0) -> 19电信1 | G52: =VLOOKUP(A52,学号下拉数据!A:F,6,0) -> 三年 | H52: 2021-2022-2学期 | I52: =VLOOKUP(A52,[1]Sheet0!$C:$J,8,0) -> Bunping | P52: 否 | S52: =VLOOKUP(A52,[1]Sheet0!$C:$I,7,0) -> 绍兴中芯集成电路股份有限公司 | T52: =VLOOKUP(A52,[1]Sheet0!$C:$M,11,0) -> 浙江省 | U52: =VLOOKUP(A52,[1]Sheet0!$C:$N,12,0) -> 绍兴市 | X52: =VLOOKUP(A52,[1]Sheet0!$C:$L,10,0) -> 18990762142 | Y52: =VLOOKUP(A52,[1]Sheet0!$C:$L,9,0) -> 人力资源部 | AA52: 08252914551 | AB52: 实习责任险 | AD52: 四川职业技术学院
... A67: 196101010111 | B67: =VLOOKUP(A67,学号下拉数据!A:F,2,0) -> 郭泰龙 | C67: =VLOOKUP(A67,学号下拉数据!A:F,4,0) -> 电子信息工程技术 | D67: =VLOOKUP(A67,学号下拉数据!A:F,5,0) -> 510101 | E67: 电子工程学院 | F67: =VLOOKUP(A67,学号下拉数据!A:F,3,0) -> 19电信1 | G67: =VLOOKUP(A67,学号下拉数据!A:F,6,0) -> 三年 | H67: 2021-2022-2学期 | I67: =VLOOKUP(A67,[1]Sheet0!$C:$J,8,0) -> smt备料组 | P67: 否 | S67: =VLOOKUP(A67,[1]Sheet0!$C:$I,7,0) -> 重庆海康威视 | T67: =VLOOKUP(A67,[1]Sheet0!$C:$M,11,0) -> 重庆市 | U67: =VLOOKUP(A67,[1]Sheet0!$C:$N,12,0) -> 重庆市 | X67: =VLOOKUP(A67,[1]Sheet0!$C:$L,10,0) -> 13637918621 | Y67: =VLOOKUP(A67,[1]Sheet0!$C:$L,9,0) -> 谭金凤 | AA67: 08252914551 | AB67: 实习责任险 | AD67: 四川职业技术学院
A68: 196101010122 | B68: =VLOOKUP(A68,学号下拉数据!A:F,2,0) -> 刘科辰 | C68: =VLOOKUP(A68,学号下拉数据!A:F,4,0) -> 电子信息工程技术 | D68: =VLOOKUP(A68,学号下拉数据!A:F,5,0) -> 510101 | E68: 电子工程学院 | F68: =VLOOKUP(A68,学号下拉数据!A:F,3,0) -> 19电信1 | G68: =VLOOKUP(A68,学号下拉数据!A:F,6,0) -> 三年 | P68: 否 | S68: =VLOOKUP(A68,[3]Sheet1!$A:$K,10,0) -> #N/A | T68: =VLOOKUP(A68,[3]Sheet1!$A:$K,11,0) -> #N/A | AA68: 08252914551 | AB68: 实习责任险 | AD68: 四川职业技术学院
A69: 196101010126 | B69: =VLOOKUP(A69,学号下拉数据!A:F,2,0) -> 粟鹏飞 | C69: =VLOOKUP(A69,学号下拉数据!A:F,4,0) -> 电子信息工程技术 | D69: =VLOOKUP(A69,学号下拉数据!A:F,5,0) -> 510101 | E69: 电子工程学院 | F69: =VLOOKUP(A69,学号下拉数据!A:F,3,0) -> 19电信1 | G69: =VLOOKUP(A69,学号下拉数据!A:F,6,0) -> 三年 | P69: 否 | S69: =VLOOKUP(A69,[3]Sheet1!$A:$K,10,0) -> #N/A | T69: =VLOOKUP(A69,[3]Sheet1!$A:$K,11,0) -> #N/A | AA69: 08252914551 | AB69: 实习责任险 | AD69: 四川职业技术学院
A70: 196101010205 | B70: =VLOOKUP(A70,学号下拉数据!A:F,2,0) -> 伍友源 | C70: =VLOOKUP(A70,学号下拉数据!A:F,4,0) -> 电子信息工程技术 | D70: =VLOOKUP(A70,学号下拉数据!A:F,5,0) -> 510101 | E70: 电子工程学院 | F70: =VLOOKUP(A70,学号下拉数据!A:F,3,0) -> 19电信2 | G70: =VLOOKUP(A70,学号下拉数据!A:F,6,0) -> 三年 | H70: 2021-2022-2学期 | I70: =VLOOKUP(A70,[1]Sheet0!$C:$J,8,0) -> 设备运维岗 | P70: 否 | S70: =VLOOKUP(A70,[1]Sheet0!$C:$I,7,0) -> 成都京东方光电科技有限公司 | T70: =VLOOKUP(A70,[1]Sheet0!$C:$M,11,0) -> 四川省 | U70: =VLOOKUP(A70,[1]Sheet0!$C:$N,12,0) -> 成都市 | X70: =VLOOKUP(A70,[1]Sheet0!$C:$L,10,0) -> 028-67277613 | Y70: =VLOOKUP(A70,[1]Sheet0!$C:$L,9,0) -> 侯海旺 | AA70: 08252914551 | AB70: 实习责任险 | AD70: 四川职业技术学院
A71: 196101010227 | B71: =VLOOKUP(A71,学号下拉数据!A:F,2,0) -> 肖超 | C71: =VLOOKUP(A71,学号下拉数据!A:F,4,0) -> 电子信息工程技术 | D71: =VLOOKUP(A71,学号下拉数据!A:F,5,0) -> 510101 | E71: 电子工程学院 | F71: =VLOOKUP(A71,学号下拉数据!A:F,3,0) -> 19电信2 | G71: =VLOOKUP(A71,学号下拉数据!A:F,6,0) -> 三年 | H71: 2021-2022-2学期 | I71: =VLOOKUP(A71,[1]Sheet0!$C:$J,8,0) -> 生技 | P71: 否 | S71: =VLOOKUP(A71,[1]Sheet0!$C:$I,7,0) -> 鸿富锦精密电子(成都)有限公司 | T71: =VLOOKUP(A71,[1]Sheet0!$C:$M,11,0) -> 四川省 | U71: =VLOOKUP(A71,[1]Sheet0!$C:$N,12,0) -> 成都市 | X71: =VLOOKUP(A71,[1]Sheet0!$C:$L,10,0) -> 183 4939 0577 | Y71: =VLOOKUP(A71,[1]Sheet0!$C:$L,9,0) -> 毛成武 | AA71: 08252914551 | AB71: 实习责任险 | AD71: 四川职业技术学院
A72: 196101010204 | B72: =VLOOKUP(A72,学号下拉数据!A:F,2,0) -> 何天林 | C72: =VLOOKUP(A72,学号下拉数据!A:F,4,0) -> 电子信息工程技术 | D72: =VLOOKUP(A72,学号下拉数据!A:F,5,0) -> 510101 | E72: 电子工程学院 | F72: =VLOOKUP(A72,学号下拉数据!A:F,3,0) -> 19电信2 | G72: =VLOOKUP(A72,学号下拉数据!A:F,6,0) -> 三年 | H72: 2021-2022-2学期 | I72: =VLOOKUP(A72,[1]Sheet0!$C:$J,8,0) -> 操作工 | P72: 否 | S72: =VLOOKUP(A72,[1]Sheet0!$C:$I,7,0) -> 通富微电子有限公司 | T72: =VLOOKUP(A72,[1]Sheet0!$C:$M,11,0) -> 江苏省 | U72: =VLOOKUP(A72,[1]Sheet0!$C:$N,12,0) -> 南通市 | X72: =VLOOKUP(A72,[1]Sheet0!$C:$L,10,0) -> 18962911195 | Y72: =VLOOKUP(A72,[1]Sheet0!$C:$L,9,0) -> 徐津 | AA72: 08252914551 | AB72: 实习责任险 | AD72: 四川职业技术学院
A73: 196101010213 | B73: =VLOOKUP(A73,学号下拉数据!A:F,2,0) -> 李虹雨 | C73: =VLOOKUP(A73,学号下拉数据!A:F,4,0) -> 电子信息工程技术 | D73: =VLOOKUP(A73,学号下拉数据!A:F,5,0) -> 510101 | E73: 电子工程学院 | F73: =VLOOKUP(A73,学号下拉数据!A:F,3,0) -> 19电信2 | G73: =VLOOKUP(A73,学号下拉数据!A:F,6,0) -> 三年 | H73: 2021-2022-2学期 | I73: =VLOOKUP(A73,[1]Sheet0!$C:$J,8,0) -> 设备维护 | P73: 否 | S73: =VLOOKUP(A73,[1]Sheet0!$C:$I,7,0) -> 宜宾丝丽雅股份有限公司 | T73: =VLOOKUP(A73,[1]Sheet0!$C:$M,11,0) -> 四川省 | U73: =VLOOKUP(A73,[1]Sheet0!$C:$N,12,0) -> 宜宾市 | X73: =VLOOKUP(A73,[1]Sheet0!$C:$L,10,0) -> 13608293131 | Y73: =VLOOKUP(A73,[1]Sheet0!$C:$L,9,0) -> 陈彬 | AA73: 08252914551 | AB73: 实习责任险 | AD73: 四川职业技术学院
A74: 196101010207 | B74: =VLOOKUP(A74,学号下拉数据!A:F,2,0) -> 龙江川 | C74: =VLOOKUP(A74,学号下拉数据!A:F,4,0) -> 电子信息工程技术 | D74: =VLOOKUP(A74,学号下拉数据!A:F,5,0) -> 510101 | E74: 电子工程学院 | F74: =VLOOKUP(A74,学号下拉数据!A:F,3,0) -> 19电信2 | G74: =VLOOKUP(A74,学号下拉数据!A:F,6,0) -> 三年 | H74: 2021-2022-2学期 | I74: =VLOOKUP(A74,[1]Sheet0!$C:$J,8,0) -> 包装 | P74: 否 | S74: =VLOOKUP(A74,[1]Sheet0!$C:$I,7,0) -> 重庆海康威视股份有限公司 | T74: =VLOOKUP(A74,[1]Sheet0!$C:$M,11,0) -> 重庆市 | U74: =VLOOKUP(A74,[1]Sheet0!$C:$N,12,0) -> 重庆市 | X74: =VLOOKUP(A74,[1]Sheet0!$C:$L,10,0) -> 15760442685 | Y74: =VLOOKUP(A74,[1]Sheet0!$C:$L,9,0) -> 龙江川 | AA74: 08252914551 | AB74: 实习责任险 | AD74: 四川职业技术学院
A75: 196101010217 | B75: =VLOOKUP(A75,学号下拉数据!A:F,2,0) -> 尹红 | C75: =VLOOKUP(A75,学号下拉数据!A:F,4,0) -> 电子信息工程技术 | D75: =VLOOKUP(A75,学号下拉数据!A:F,5,0) -> 510101 | E75: 电子工程学院 | F75: =VLOOKUP(A75,学号下拉数据!A:F,3,0) -> 19电信2 | G75: =VLOOKUP(A75,学号下拉数据!A:F,6,0) -> 三年 | H75: 2021-2022-2学期 | I75: =VLOOKUP(A75,[1]Sheet0!$C:$J,8,0) -> 操作工 | P75: 否 | S75: =VLOOKUP(A75,[1]Sheet0!$C:$I,7,0) -> 重庆市潼南区卓普电子有限公司 | T75: =VLOOKUP(A75,[1]Sheet0!$C:$M,11,0) -> 重庆市 | U75: =VLOOKUP(A75,[1]Sheet0!$C:$N,12,0) -> 重庆市 | X75: =VLOOKUP(A75,[1]Sheet0!$C:$L,10,0) -> 13012333092 | Y75: =VLOOKUP(A75,[1]Sheet0!$C:$L,9,0) -> 尹小东 | AA75: 08252914551 | AB75: 实习责任险 | AD75: 四川职业技术学院
A76: 196101010221 | B76: =VLOOKUP(A76,学号下拉数据!A:F,2,0) -> 周明巧 | C76: =VLOOKUP(A76,学号下拉数据!A:F,4,0) -> 电子信息工程技术 | D76: =VLOOKUP(A76,学号下拉数据!A:F,5,0) -> 510101 | E76: 电子工程学院 | F76: =VLOOKUP(A76,学号下拉数据!A:F,3,0) -> 19电信2 | G76: =VLOOKUP(A76,学号下拉数据!A:F,6,0) -> 三年 | H76: 2021-2022-2学期 | I76: =VLOOKUP(A76,[1]Sheet0!$C:$J,8,0) -> 操作工 | P76: 否 | S76: =VLOOKUP(A76,[1]Sheet0!$C:$I,7,0) -> 通富微电子股份有限公司 | T76: =VLOOKUP(A76,[1]Sheet0!$C:$M,11,0) -> 江苏省 | U76: =VLOOKUP(A76,[1]Sheet0!$C:$N,12,0) -> 南通市 | X76: =VLOOKUP(A76,[1]Sheet0!$C:$L,10,0) -> 18962911195 | Y76: =VLOOKUP(A76,[1]Sheet0!$C:$L,9,0) -> 徐津 | AA76: 08252914551 | AB76: 实习责任险 | AD76: 四川职业技术学院
A77: 196101010203 | B77: =VLOOKUP(A77,学号下拉数据!A:F,2,0) -> 刘义琅 | C77: =VLOOKUP(A77,学号下拉数据!A:F,4,0) -> 电子信息工程技术 | D77: =VLOOKUP(A77,学号下拉数据!A:F,5,0) -> 510101 | E77: 电子工程学院 | F77: =VLOOKUP(A77,学号下拉数据!A:F,3,0) -> 19电信2 | G77: =VLOOKUP(A77,学号下拉数据!A:F,6,0) -> 三年 | H77: 2021-2022-2学期 | I77: =VLOOKUP(A77,[1]Sheet0!$C:$J,8,0) -> 操作工 | P77: 否 | S77: =VLOOKUP(A77,[1]Sheet0!$C:$I,7,0) -> 通富微电子股份有限公司 | T77: =VLOOKUP(A77,[1]Sheet0!$C:$M,11,0) -> 江苏省 | U77: =VLOOKUP(A77,[1]Sheet0!$C:$N,12,0) -> 南通市 | X77: =VLOOKUP(A77,[1]Sheet0!$C:$L,10,0) -> 18962911195 | Y77: =VLOOKUP(A77,[1]Sheet0!$C:$L,9,0) -> 徐津 | AA77: 08252914551 | AB77: 实习责任险 | AD77: 四川职业技术学院
A78: 196101010209 | B78: =VLOOKUP(A78,学号下拉数据!A:F,2,0) -> 鞠玉林 | C78: =VLOOKUP(A78,学号下拉数据!A:F,4,0) -> 电子信息工程技术 | D78: =VLOOKUP(A78,学号下拉数据!A:F,5,0) -> 510101 | E78: 电子工程学院 | F78: =VLOOKUP(A78,学号下拉数据!A:F,3,0) -> 19电信2 | G78: =VLOOKUP(A78,学号下拉数据!A:F,6,0) -> 三年 | H78: 2021-2022-2学期 | I78: =VLOOKUP(A78,[1]Sheet0!$C:$J,8,0) -> 装配员 | P78: 否 | S78: =VLOOKUP(A78,[1]Sheet0!$C:$I,7,0) -> 重庆海康威视科技有限公司 | T78: =VLOOKUP(A78,[1]Sheet0!$C:$M,11,0) -> 重庆市 | U78: =VLOOKUP(A78,[1]Sheet0!$C:$N,12,0) -> 重庆市 | X78: =VLOOKUP(A78,[1]Sheet0!$C:$L,10,0) -> 18969198353 | Y78: =VLOOKUP(A78,[1]Sheet0!$C:$L,9,0) -> 向文静 | AA78: 08252914551 | AB78: 实习责任险 | AD78: 四川职业技术学院
A79: 196101010218 | B79: =VLOOKUP(A79,学号下拉数据!A:F,2,0) -> 李海燕 | C79: =VLOOKUP(A79,学号下拉数据!A:F,4,0) -> 电子信息工程技术 | D79: =VLOOKUP(A79,学号下拉数据!A:F,5,0) -> 510101 | E79: 电子工程学院 | F79: =VLOOKUP(A79,学号下拉数据!A:F,3,0) -> 19电信2 | G79: =VLOOKUP(A79,学号下拉数据!A:F,6,0) -> 三年 | H79: 2021-2022-2学期 | I79: =VLOOKUP(A79,[1]Sheet0!$C:$J,8,0) -> 包装员 | P79: 否 | S79: =VLOOKUP(A79,[1]Sheet0!$C:$I,7,0) -> 重庆海康威视科技有限公司 | T79: =VLOOKUP(A79,[1]Sheet0!$C:$M,11,0) -> 重庆市 | U79: =VLOOKUP(A79,[1]Sheet0!$C:$N,12,0) -> 重庆市 | X79: =VLOOKUP(A79,[1]Sheet0!$C:$L,10,0) -> 18969108353 | Y79: =VLOOKUP(A79,[1]Sheet0!$C:$L,9,0) -> 向文静 | AA79: 08252914551 | AB79: 实习责任险 | AD79: 四川职业技术学院
A80: 196101010219 | B80: =VLOOKUP(A80,学号下拉数据!A:F,2,0) -> 李超 | C80: =VLOOKUP(A80,学号下拉数据!A:F,4,0) -> 电子信息工程技术 | D80: =VLOOKUP(A80,学号下拉数据!A:F,5,0) -> 510101 | E80: 电子工程学院 | F80: =VLOOKUP(A80,学号下拉数据!A:F,3,0) -> 19电信2 | G80: =VLOOKUP(A80,学号下拉数据!A:F,6,0) -> 三年 | H80: 2021-2022-2学期 | I80: =VLOOKUP(A80,[1]Sheet0!$C:$J,8,0) -> 物料岗 | P80: 否 | S80: =VLOOKUP(A80,[1]Sheet0!$C:$I,7,0) -> TSP PNL制造部 | T80: =VLOOKUP(A80,[1]Sheet0!$C:$M,11,0) -> 四川省 | U80: =VLOOKUP(A80,[1]Sheet0!$C:$N,12,0) -> 成都市 | X80: =VLOOKUP(A80,[1]Sheet0!$C:$L,10,0) -> 028-67277613 | Y80: =VLOOKUP(A80,[1]Sheet0!$C:$L,9,0) -> 候海旺 | AA80: 08252914551 | AB80: 实习责任险 | AD80: 四川职业技术学院
A81: 196101010222 | B81: =VLOOKUP(A81,学号下拉数据!A:F,2,0) -> 杨增添 | C81: =VLOOKUP(A81,学号下拉数据!A:F,4,0) -> 电子信息工程技术 | D81: =VLOOKUP(A81,学号下拉数据!A:F,5,0) -> 510101 | E81: 电子工程学院 | F81: =VLOOKUP(A81,学号下拉数据!A:F,3,0) -> 19电信2 | G81: =VLOOKUP(A81,学号下拉数据!A:F,6,0) -> 三年 | H81: 2021-2022-2学期 | I81: =VLOOKUP(A81,[1]Sheet0!$C:$J,8,0) -> Module support | P81: 否 | S81: =VLOOKUP(A81,[1]Sheet0!$C:$I,7,0) -> 绍兴中芯集成电路制造股份有限公司 | T81: =VLOOKUP(A81,[1]Sheet0!$C:$M,11,0) -> 浙江省 | U81: =VLOOKUP(A81,[1]Sheet0!$C:$N,12,0) -> 绍兴市 | X81: =VLOOKUP(A81,[1]Sheet0!$C:$L,10,0) -> 0575-88060000 | Y81: =VLOOKUP(A81,[1]Sheet0!$C:$L,9,0) -> 人力资源部 | AA81: 08252914551 | AB81: 实习责任险 | AD81: 四川职业技术学院
... A95: 196101010214 | B95: =VLOOKUP(A95,学号下拉数据!A:F,2,0) -> 顾毅敏 | C95: =VLOOKUP(A95,学号下拉数据!A:F,4,0) -> 电子信息工程技术 | D95: =VLOOKUP(A95,学号下拉数据!A:F,5,0) -> 510101 | E95: 电子工程学院 | F95: =VLOOKUP(A95,学号下拉数据!A:F,3,0) -> 19电信2 | G95: =VLOOKUP(A95,学号下拉数据!A:F,6,0) -> 三年 | H95: 2021-2022-2学期 | I95: =VLOOKUP(A95,[1]Sheet0!$C:$J,8,0) -> 设备运维岗 | P95: 否 | S95: =VLOOKUP(A95,[1]Sheet0!$C:$I,7,0) -> 成都京东方光电科技有限公司 | T95: =VLOOKUP(A95,[1]Sheet0!$C:$M,11,0) -> 四川省 | U95: =VLOOKUP(A95,[1]Sheet0!$C:$N,12,0) -> 成都市 | X95: =VLOOKUP(A95,[1]Sheet0!$C:$L,10,0) -> 02867277613 | Y95: =VLOOKUP(A95,[1]Sheet0!$C:$L,9,0) -> 候海旺 | AA95: 08252914551 | AB95: 实习责任险 | AD95: 四川职业技术学院
A96: 196101010210 | B96: =VLOOKUP(A96,学号下拉数据!A:F,2,0) -> 向俊龙 | C96: =VLOOKUP(A96,学号下拉数据!A:F,4,0) -> 电子信息工程技术 | D96: =VLOOKUP(A96,学号下拉数据!A:F,5,0) -> 510101 | E96: 电子工程学院 | F96: =VLOOKUP(A96,学号下拉数据!A:F,3,0) -> 19电信2 | G96: =VLOOKUP(A96,学号下拉数据!A:F,6,0) -> 三年 | P96: 否 | S96: =VLOOKUP(A96,[3]Sheet1!$A:$K,10,0) -> #N/A | T96: =VLOOKUP(A96,[3]Sheet1!$A:$K,11,0) -> #N/A | AA96: 08252914551 | AB96: 实习责任险 | AD96: 四川职业技术学院
A97: 195603010117 | B97: =VLOOKUP(A97,学号下拉数据!A:F,2,0) -> 陈梦铃 | C97: =VLOOKUP(A97,学号下拉数据!A:F,4,0) -> 机电一体化技术 | D97: =VLOOKUP(A97,学号下拉数据!A:F,5,0) -> 460301 | E97: 电子工程学院 | F97: =VLOOKUP(A97,学号下拉数据!A:F,3,0) -> 19机电1 | G97: =VLOOKUP(A97,学号下拉数据!A:F,6,0) -> 三年 | H97: 2021-2022-2学期 | I97: =VLOOKUP(A97,[1]Sheet0!$C:$J,8,0) -> 测试总监 | P97: 否 | S97: =VLOOKUP(A97,[1]Sheet0!$C:$I,7,0) -> 我想去 | T97: =VLOOKUP(A97,[1]Sheet0!$C:$M,11,0) -> 海南省 | U97: =VLOOKUP(A97,[1]Sheet0!$C:$N,12,0) -> 三亚市 | X97: =VLOOKUP(A97,[1]Sheet0!$C:$L,10,0) -> 15821111417 | Y97: =VLOOKUP(A97,[1]Sheet0!$C:$L,9,0) -> 王栋 | AA97: 08252914551 | AB97: 实习责任险 | AD97: 四川职业技术学院
A98: 195603010129 | B98: =VLOOKUP(A98,学号下拉数据!A:F,2,0) -> 李强 | C98: =VLOOKUP(A98,学号下拉数据!A:F,4,0) -> 机电一体化技术 | D98: =VLOOKUP(A98,学号下拉数据!A:F,5,0) -> 460301 | E98: 电子工程学院 | F98: =VLOOKUP(A98,学号下拉数据!A:F,3,0) -> 19机电1 | G98: =VLOOKUP(A98,学号下拉数据!A:F,6,0) -> 三年 | H98: 2021-2022-2学期 | I98: =VLOOKUP(A98,[1]Sheet0!$C:$J,8,0) -> 工程技术员 | P98: 否 | S98: =VLOOKUP(A98,[1]Sheet0!$C:$I,7,0) -> 中道易行（成都）科技股份有限公司 | T98: =VLOOKUP(A98,[1]Sheet0!$C:$M,11,0) -> 四川省 | U98: =VLOOKUP(A98,[1]Sheet0!$C:$N,12,0) -> 成都市 | X98: =VLOOKUP(A98,[1]Sheet0!$C:$L,10,0) -> 18398052160 | Y98: =VLOOKUP(A98,[1]Sheet0!$C:$L,9,0) -> 黄海洋 | AA98: 08252914551 | AB98: 实习责任险 | AD98: 四川职业技术学院
A99: 195603010110 | B99: =VLOOKUP(A99,学号下拉数据!A:F,2,0) -> 谈坤 | C99: =VLOOKUP(A99,学号下拉数据!A:F,4,0) -> 机电一体化技术 | D99: =VLOOKUP(A99,学号下拉数据!A:F,5,0) -> 460301 | E99: 电子工程学院 | F99: =VLOOKUP(A99,学号下拉数据!A:F,3,0) -> 19机电1 | G99: =VLOOKUP(A99,学号下拉数据!A:F,6,0) -> 三年 | H99: 2021-2022-2学期 | I99: =VLOOKUP(A99,[1]Sheet0!$C:$J,8,0) -> 装配钳工 | P99: 否 | S99: =VLOOKUP(A99,[1]Sheet0!$C:$I,7,0) -> 深圳市诚亿自动化科技有限公司 | T99: =VLOOKUP(A99,[1]Sheet0!$C:$M,11,0) -> 广东省 | U99: =VLOOKUP(A99,[1]Sheet0!$C:$N,12,0) -> 深圳市 | X99: =VLOOKUP(A99,[1]Sheet0!$C:$L,10,0) -> 13714840920 | Y99: =VLOOKUP(A99,[1]Sheet0!$C:$L,9,0) -> 吴俊杰 | AA99: 08252914551 | AB99: 实习责任险 | AD99: 四川职业技术学院
A100: 195603010113 | B100: =VLOOKUP(A100,学号下拉数据!A:F,2,0) -> 王家浩 | C100: =VLOOKUP(A100,学号下拉数据!A:F,4,0) -> 机电一体化技术 | D100: =VLOOKUP(A100,学号下拉数据!A:F,5,0) -> 460301 | E100: 电子工程学院 | F100: =VLOOKUP(A100,学号下拉数据!A:F,3,0) -> 19机电1 | G100: =VLOOKUP(A100,学号下拉数据!A:F,6,0) -> 三年 | H100: 2021-2022-2学期 | I100: =VLOOKUP(A100,[1]Sheet0!$C:$J,8,0) -> 生产管理员 | P100: 否 | S100: =VLOOKUP(A100,[1]Sheet0!$C:$I,7,0) -> 江苏长电科技股份有限公司 | T100: =VLOOKUP(A100,[1]Sheet0!$C:$M,11,0) -> 江苏省 | U100: =VLOOKUP(A100,[1]Sheet0!$C:$N,12,0) -> 无锡市 | X100: =VLOOKUP(A100,[1]Sheet0!$C:$L,10,0) -> 13961674799 | Y100: =VLOOKUP(A100,[1]Sheet0!$C:$L,9,0) -> 周娟 | AA100: 08252914551 | AB100: 实习责任险 | AD100: 四川职业技术学院
A101: 195603010116 | B101: =VLOOKUP(A101,学号下拉数据!A:F,2,0) -> 郑语嫣 | C101: =VLOOKUP(A101,学号下拉数据!A:F,4,0) -> 机电一体化技术 | D101: =VLOOKUP(A101,学号下拉数据!A:F,5,0) -> 460301 | E101: 电子工程学院 | F101: =VLOOKUP(A101,学号下拉数据!A:F,3,0) -> 19机电1 | G101: =VLOOKUP(A101,学号下拉数据!A:F,6,0) -> 三年 | H101: 2021-2022-2学期 | I101: =VLOOKUP(A101,[1]Sheet0!$C:$J,8,0) -> 机电一体化技术 | P101: 否 | S101: =VLOOKUP(A101,[1]Sheet0!$C:$I,7,0) -> 西南水泥有限公司 | T101: =VLOOKUP(A101,[1]Sheet0!$C:$M,11,0) -> 四川省 | U101: =VLOOKUP(A101,[1]Sheet0!$C:$N,12,0) -> 广元市 | X101: =VLOOKUP(A101,[1]Sheet0!$C:$L,10,0) -> 15643187612 | Y101: =VLOOKUP(A101,[1]Sheet0!$C:$L,9,0) -> 刘妍然 | AA101: 08252914551 | AB101: 实习责任险 | AD101: 四川职业技术学院
A102: 195603010125 | B102: =VLOOKUP(A102,学号下拉数据!A:F,2,0) -> 赵顺平 | C102: =VLOOKUP(A102,学号下拉数据!A:F,4,0) -> 机电一体化技术 | D102: =VLOOKUP(A102,学号下拉数据!A:F,5,0) -> 460301 | E102: 电子工程学院 | F102: =VLOOKUP(A102,学号下拉数据!A:F,3,0) -> 19机电1 | G102: =VLOOKUP(A102,学号下拉数据!A:F,6,0) -> 三年 | H102: 2021-2022-2学期 | I102: =VLOOKUP(A102,[1]Sheet0!$C:$J,8,0) -> 风电运维 | P102: 否 | S102: =VLOOKUP(A102,[1]Sheet0!$C:$I,7,0) -> 酒泉东方恒创新能源有限公司 | T102: =VLOOKUP(A102,[1]Sheet0!$C:$M,11,0) -> 四川省 | U102: =VLOOKUP(A102,[1]Sheet0!$C:$N,12,0) -> 成都市 | X102: =VLOOKUP(A102,[1]Sheet0!$C:$L,10,0) -> 15756226256 | Y102: =VLOOKUP(A102,[1]Sheet0!$C:$L,9,0) -> 程亚林 | AA102: 08252914551 | AB102: 实习责任险 | AD102: 四川职业技术学院
A103: 195603010105 | B103: =VLOOKUP(A103,学号下拉数据!A:F,2,0) -> 张洁福 | C103: =VLOOKUP(A103,学号下拉数据!A:F,4,0) -> 机电一体化技术 | D103: =VLOOKUP(A103,学号下拉数据!A:F,5,0) -> 460301 | E103: 电子工程学院 | F103: =VLOOKUP(A103,学号下拉数据!A:F,3,0) -> 19机电1 | G103: =VLOOKUP(A103,学号下拉数据!A:F,6,0) -> 三年 | H103: 2021-2022-2学期 | I103: =VLOOKUP(A103,[1]Sheet0!$C:$J,8,0) -> 装配电工 | P103: 否 | S103: =VLOOKUP(A103,[1]Sheet0!$C:$I,7,0) -> 深圳市诚亿自动化有限公司 | T103: =VLOOKUP(A103,[1]Sheet0!$C:$M,11,0) -> 广东省 | U103: =VLOOKUP(A103,[1]Sheet0!$C:$N,12,0) -> 深圳市 | X103: =VLOOKUP(A103,[1]Sheet0!$C:$L,10,0) -> 13714840920 | Y103: =VLOOKUP(A103,[1]Sheet0!$C:$L,9,0) -> 吴俊杰 | AA103: 08252914551 | AB103: 实习责任险 | AD103: 四川职业技术学院
A104: 195603010119 | B104: =VLOOKUP(A104,学号下拉数据!A:F,2,0) -> 唐陈涛 | C104: =VLOOKUP(A104,学号下拉数据!A:F,4,0) -> 机电一体化技术 | D104: =VLOOKUP(A104,学号下拉数据!A:F,5,0) -> 460301 | E104: 电子工程学院 | F104: =VLOOKUP(A104,学号下拉数据!A:F,3,0) -> 19机电1 | G104: =VLOOKUP(A104,学号下拉数据!A:F,6,0) -> 三年 | H104: 2021-2022-2学期 | I104: =VLOOKUP(A104,[1]Sheet0!$C:$J,8,0) -> CAM工程师 | P104: 否 | S104: =VLOOKUP(A104,[1]Sheet0!$C:$I,7,0) -> 四川英创力电子科技股份有限公司 | T104: =VLOOKUP(A104,[1]Sheet0!$C:$M,11,0) -> 四川省 | U104: =VLOOKUP(A104,[1]Sheet0!$C:$N,12,0) -> 遂宁市 | X104: =VLOOKUP(A104,[1]Sheet0!$C:$L,10,0) -> 18280865351 | Y104: =VLOOKUP(A104,[1]Sheet0!$C:$L,9,0) -> 苏鹏举 | AA104: 08252914551 | AB104: 实习责任险 | AD104: 四川职业技术学院
A105: 195603010109 | B105: =VLOOKUP(A105,学号下拉数据!A:F,2,0) -> 吴仕富 | C105: =VLOOKUP(A105,学号下拉数据!A:F,4,0) -> 机电一体化技术 | D105: =VLOOKUP(A105,学号下拉数据!A:F,5,0) -> 460301 | E105: 电子工程学院 | F105: =VLOOKUP(A105,学号下拉数据!A:F,3,0) -> 19机电1 | G105: =VLOOKUP(A105,学号下拉数据!A:F,6,0) -> 三年 | H105: 2021-2022-2学期 | I105: =VLOOKUP(A105,[1]Sheet0!$C:$J,8,0) -> 装配钳工 | P105: 否 | S105: =VLOOKUP(A105,[1]Sheet0!$C:$I,7,0) -> 深圳市诚亿自动化科技有限公司 | T105: =VLOOKUP(A105,[1]Sheet0!$C:$M,11,0) -> 广东省 | U105: =VLOOKUP(A105,[1]Sheet0!$C:$N,12,0) -> 深圳市 | X105: =VLOOKUP(A105,[1]Sheet0!$C:$L,10,0) -> 13714840920 | Y105: =VLOOKUP(A105,[1]Sheet0!$C:$L,9,0) -> 吴俊杰 | AA105: 08252914551 | AB105: 实习责任险 | AD105: 四川职业技术学院
A106: 195603010126 | B106: =VLOOKUP(A106,学号下拉数据!A:F,2,0) -> 向顺林 | C106: =VLOOKUP(A106,学号下拉数据!A:F,4,0) -> 机电一体化技术 | D106: =VLOOKUP(A106,学号下拉数据!A:F,5,0) -> 460301 | E106: 电子工程学院 | F106: =VLOOKUP(A106,学号下拉数据!A:F,3,0) -> 19机电1 | G106: =VLOOKUP(A106,学号下拉数据!A:F,6,0) -> 三年 | H106: 2021-2022-2学期 | I106: =VLOOKUP(A106,[1]Sheet0!$C:$J,8,0) -> 技术员助理 | P106: 否 | S106: =VLOOKUP(A106,[1]Sheet0!$C:$I,7,0) -> 铭瓷电子科技有限公司 | T106: =VLOOKUP(A106,[1]Sheet0!$C:$M,11,0) -> 四川省 | U106: =VLOOKUP(A106,[1]Sheet0!$C:$N,12,0) -> 成都市 | X106: =VLOOKUP(A106,[1]Sheet0!$C:$L,10,0) -> 18711389977 | Y106: =VLOOKUP(A106,[1]Sheet0!$C:$L,9,0) -> 朱财君 | AA106: 08252914551 | AB106: 实习责任险 | AD106: 四川职业技术学院
A107: 195603010121 | B107: =VLOOKUP(A107,学号下拉数据!A:F,2,0) -> 杨坪流 | C107: =VLOOKUP(A107,学号下拉数据!A:F,4,0) -> 机电一体化技术 | D107: =VLOOKUP(A107,学号下拉数据!A:F,5,0) -> 460301 | E107: 电子工程学院 | F107: =VLOOKUP(A107,学号下拉数据!A:F,3,0) -> 19机电1 | G107: =VLOOKUP(A107,学号下拉数据!A:F,6,0) -> 三年 | H107: 2021-2022-2学期 | I107: =VLOOKUP(A107,[1]Sheet0!$C:$J,8,0) -> 生产钳工 | P107: 否 | S107: =VLOOKUP(A107,[1]Sheet0!$C:$I,7,0) -> 深圳市诚亿自动化科技有限公司 | T107: =VLOOKUP(A107,[1]Sheet0!$C:$M,11,0) -> 广东省 | U107: =VLOOKUP(A107,[1]Sheet0!$C:$N,12,0) -> 深圳市 | X107: =VLOOKUP(A107,[1]Sheet0!$C:$L,10,0) -> 13714840920 | Y107: =VLOOKUP(A107,[1]Sheet0!$C:$L,9,0) -> 吴俊杰 | AA107: 08252914551 | AB107: 实习责任险 | AD107: 四川职业技术学院
A108: 195603010122 | B108: =VLOOKUP(A108,学号下拉数据!A:F,2,0) -> 秦小雪 | C108: =VLOOKUP(A108,学号下拉数据!A:F,4,0) -> 机电一体化技术 | D108: =VLOOKUP(A108,学号下拉数据!A:F,5,0) -> 460301 | E108: 电子工程学院 | F108: =VLOOKUP(A108,学号下拉数据!A:F,3,0) -> 19机电1 | G108: =VLOOKUP(A108,学号下拉数据!A:F,6,0) -> 三年 | H108: 2021-2022-2学期 | I108: =VLOOKUP(A108,[1]Sheet0!$C:$J,8,0) -> IQC | P108: 否 | S108: =VLOOKUP(A108,[1]Sheet0!$C:$I,7,0) -> 深圳诚亿自动化科技有限公司 | T108: =VLOOKUP(A108,[1]Sheet0!$C:$M,11,0) -> 广东省 | U108: =VLOOKUP(A108,[1]Sheet0!$C:$N,12,0) -> 深圳市 | X108: =VLOOKUP(A108,[1]Sheet0!$C:$L,10,0) -> 13714840920 | Y108: =VLOOKUP(A108,[1]Sheet0!$C:$L,9,0) -> 吴俊杰 | AA108: 08252914551 | AB108: 实习责任险 | AD108: 四川职业技术学院
... A126: 175603010113 | B126: =VLOOKUP(A126,学号下拉数据!A:F,2,0) -> 罗毅 | C126: =VLOOKUP(A126,学号下拉数据!A:F,4,0) -> 机电一体化技术 | D126: =VLOOKUP(A126,学号下拉数据!A:F,5,0) -> 460301 | E126: 电子工程学院 | F126: =VLOOKUP(A126,学号下拉数据!A:F,3,0) -> 19机电1 | G126: =VLOOKUP(A126,学号下拉数据!A:F,6,0) -> 三年 | H126: 2021-2022-2学期 | I126: =VLOOKUP(A126,[1]Sheet0!$C:$J,8,0) -> 助理技术员 | P126: 否 | S126: =VLOOKUP(A126,[1]Sheet0!$C:$I,7,0) -> 中国联合网络通信有限公司古蔺县分公司 | T126: =VLOOKUP(A126,[1]Sheet0!$C:$M,11,0) -> 四川省 | U126: =VLOOKUP(A126,[1]Sheet0!$C:$N,12,0) -> 泸州市 | X126: =VLOOKUP(A126,[1]Sheet0!$C:$L,10,0) -> 13649048231 | Y126: =VLOOKUP(A126,[1]Sheet0!$C:$L,9,0) -> 罗毅 | AA126: 08252914551 | AB126: 实习责任险 | AD126: 四川职业技术学院
A127: 195603010103 | B127: =VLOOKUP(A127,学号下拉数据!A:F,2,0) -> 徐唐海 | C127: =VLOOKUP(A127,学号下拉数据!A:F,4,0) -> 机电一体化技术 | D127: =VLOOKUP(A127,学号下拉数据!A:F,5,0) -> 460301 | E127: 电子工程学院 | F127: =VLOOKUP(A127,学号下拉数据!A:F,3,0) -> 19机电1 | G127: =VLOOKUP(A127,学号下拉数据!A:F,6,0) -> 三年 | P127: 否 | S127: =VLOOKUP(A127,[3]Sheet1!$A:$K,10,0) -> #N/A | T127: =VLOOKUP(A127,[3]Sheet1!$A:$K,11,0) -> #N/A | AA127: 08252914551 | AB127: 实习责任险 | AD127: 四川职业技术学院
A128: 195603010221 | B128: =VLOOKUP(A128,学号下拉数据!A:F,2,0) -> 任博川 | C128: =VLOOKUP(A128,学号下拉数据!A:F,4,0) -> 机电一体化技术 | D128: =VLOOKUP(A128,学号下拉数据!A:F,5,0) -> 460301 | E128: 电子工程学院 | F128: =VLOOKUP(A128,学号下拉数据!A:F,3,0) -> 19机电2 | G128: =VLOOKUP(A128,学号下拉数据!A:F,6,0) -> 三年 | H128: 2021-2022-2学期 | I128: =VLOOKUP(A128,[1]Sheet0!$C:$J,8,0) -> 设备维修 | P128: 否 | S128: =VLOOKUP(A128,[1]Sheet0!$C:$I,7,0) -> 南充三环电子有限公司 | T128: =VLOOKUP(A128,[1]Sheet0!$C:$M,11,0) -> 四川省 | U128: =VLOOKUP(A128,[1]Sheet0!$C:$N,12,0) -> 南充市 | X128: =VLOOKUP(A128,[1]Sheet0!$C:$L,10,0) -> 18384081750 | Y128: =VLOOKUP(A128,[1]Sheet0!$C:$L,9,0) -> 刘静 | AA128: 08252914551 | AB128: 实习责任险 | AD128: 四川职业技术学院
A129: 195603010219 | B129: =VLOOKUP(A129,学号下拉数据!A:F,2,0) -> 张涛 | C129: =VLOOKUP(A129,学号下拉数据!A:F,4,0) -> 机电一体化技术 | D129: =VLOOKUP(A129,学号下拉数据!A:F,5,0) -> 460301 | E129: 电子工程学院 | F129: =VLOOKUP(A129,学号下拉数据!A:F,3,0) -> 19机电2 | G129: =VLOOKUP(A129,学号下拉数据!A:F,6,0) -> 三年 | H129: 2021-2022-2学期 | I129: =VLOOKUP(A129,[1]Sheet0!$C:$J,8,0) -> 开发师 | P129: 否 | S129: =VLOOKUP(A129,[1]Sheet0!$C:$I,7,0) -> 成都启程飞扬科技有限公司 | T129: =VLOOKUP(A129,[1]Sheet0!$C:$M,11,0) -> 四川省 | U129: =VLOOKUP(A129,[1]Sheet0!$C:$N,12,0) -> 成都市 | X129: =VLOOKUP(A129,[1]Sheet0!$C:$L,10,0) -> 18681226564 | Y129: =VLOOKUP(A129,[1]Sheet0!$C:$L,9,0) -> 廖凡 | AA129: 08252914551 | AB129: 实习责任险 | AD129: 四川职业技术学院
A130: 195603010202 | B130: =VLOOKUP(A130,学号下拉数据!A:F,2,0) -> 戴江 | C130: =VLOOKUP(A130,学号下拉数据!A:F,4,0) -> 机电一体化技术 | D130: =VLOOKUP(A130,学号下拉数据!A:F,5,0) -> 460301 | E130: 电子工程学院 | F130: =VLOOKUP(A130,学号下拉数据!A:F,3,0) -> 19机电2 | G130: =VLOOKUP(A130,学号下拉数据!A:F,6,0) -> 三年 | H130: 2021-2022-2学期 | I130: =VLOOKUP(A130,[1]Sheet0!$C:$J,8,0) -> 电工技术人员 | P130: 否 | S130: =VLOOKUP(A130,[1]Sheet0!$C:$I,7,0) -> 西藏聚成光科科技有限公司 | T130: =VLOOKUP(A130,[1]Sheet0!$C:$M,11,0) -> 西藏自治区 | U130: =VLOOKUP(A130,[1]Sheet0!$C:$N,12,0) -> 拉萨市 | X130: =VLOOKUP(A130,[1]Sheet0!$C:$L,10,0) -> 18628394486 | Y130: =VLOOKUP(A130,[1]Sheet0!$C:$L,9,0) -> 刘金木 | AA130: 08252914551 | AB130: 实习责任险 | AD130: 四川职业技术学院
A131: 195603010215 | B131: =VLOOKUP(A131,学号下拉数据!A:F,2,0) -> 陈孝乐 | C131: =VLOOKUP(A131,学号下拉数据!A:F,4,0) -> 机电一体化技术 | D131: =VLOOKUP(A131,学号下拉数据!A:F,5,0) -> 460301 | E131: 电子工程学院 | F131: =VLOOKUP(A131,学号下拉数据!A:F,3,0) -> 19机电2 | G131: =VLOOKUP(A131,学号下拉数据!A:F,6,0) -> 三年 | H131: 2021-2022-2学期 | I131: =VLOOKUP(A131,[1]Sheet0!$C:$J,8,0) -> 技术员 | P131: 否 | S131: =VLOOKUP(A131,[1]Sheet0!$C:$I,7,0) -> 晶艺半导体有限公司 | T131: =VLOOKUP(A131,[1]Sheet0!$C:$M,11,0) -> 四川省 | U131: =VLOOKUP(A131,[1]Sheet0!$C:$N,12,0) -> 成都市 | X131: =VLOOKUP(A131,[1]Sheet0!$C:$L,10,0) -> 18283916865 | Y131: =VLOOKUP(A131,[1]Sheet0!$C:$L,9,0) -> 杨银 | AA131: 08252914551 | AB131: 实习责任险 | AD131: 四川职业技术学院
A132: 195603010220 | B132: =VLOOKUP(A132,学号下拉数据!A:F,2,0) -> 徐術人 | C132: =VLOOKUP(A132,学号下拉数据!A:F,4,0) -> 机电一体化技术 | D132: =VLOOKUP(A132,学号下拉数据!A:F,5,0) -> 460301 | E132: 电子工程学院 | F132: =VLOOKUP(A132,学号下拉数据!A:F,3,0) -> 19机电2 | G132: =VLOOKUP(A132,学号下拉数据!A:F,6,0) -> 三年 | H132: 2021-2022-2学期 | I132: =VLOOKUP(A132,[1]Sheet0!$C:$J,8,0) -> 现场作业/周边服务 | P132: 否 | S132: =VLOOKUP(A132,[1]Sheet0!$C:$I,7,0) -> 鸿富锦精密电子（成都）有限公司 | T132: =VLOOKUP(A132,[1]Sheet0!$C:$M,11,0) -> 四川省 | U132: =VLOOKUP(A132,[1]Sheet0!$C:$N,12,0) -> 成都市 | X132: =VLOOKUP(A132,[1]Sheet0!$C:$L,10,0) -> 13678025571 | Y132: =VLOOKUP(A132,[1]Sheet0!$C:$L,9,0) -> 张克海 | AA132: 08252914551 | AB132: 实习责任险 | AD132: 四川职业技术学院
A133: 195603010212 | B133: =VLOOKUP(A133,学号下拉数据!A:F,2,0) -> 黄孟恒 | C133: =VLOOKUP(A133,学号下拉数据!A:F,4,0) -> 机电一体化技术 | D133: =VLOOKUP(A133,学号下拉数据!A:F,5,0) -> 460301 | E133: 电子工程学院 | F133: =VLOOKUP(A133,学号下拉数据!A:F,3,0) -> 19机电2 | G133: =VLOOKUP(A133,学号下拉数据!A:F,6,0) -> 三年 | H133: 2021-2022-2学期 | I133: =VLOOKUP(A133,[1]Sheet0!$C:$J,8,0) -> 生技 | P133: 否 | S133: =VLOOKUP(A133,[1]Sheet0!$C:$I,7,0) -> 鸿富锦精密电子（成都）有限公司 | T133: =VLOOKUP(A133,[1]Sheet0!$C:$M,11,0) -> 四川省 | U133: =VLOOKUP(A133,[1]Sheet0!$C:$N,12,0) -> 成都市 | X133: =VLOOKUP(A133,[1]Sheet0!$C:$L,10,0) -> 13540186373 | Y133: =VLOOKUP(A133,[1]Sheet0!$C:$L,9,0) -> 钟金城 | AA133: 08252914551 | AB133: 实习责任险 | AD133: 四川职业技术学院
A134: 195603010203 | B134: =VLOOKUP(A134,学号下拉数据!A:F,2,0) -> 肖世文 | C134: =VLOOKUP(A134,学号下拉数据!A:F,4,0) -> 机电一体化技术 | D134: =VLOOKUP(A134,学号下拉数据!A:F,5,0) -> 460301 | E134: 电子工程学院 | F134: =VLOOKUP(A134,学号下拉数据!A:F,3,0) -> 19机电2 | G134: =VLOOKUP(A134,学号下拉数据!A:F,6,0) -> 三年 | H134: 2021-2022-2学期 | I134: =VLOOKUP(A134,[1]Sheet0!$C:$J,8,0) -> 现场作业/周边服务 | P134: 否 | S134: =VLOOKUP(A134,[1]Sheet0!$C:$I,7,0) -> 鸿富锦精密电子（成都）有限公司 | T134: =VLOOKUP(A134,[1]Sheet0!$C:$M,11,0) -> 四川省 | U134: =VLOOKUP(A134,[1]Sheet0!$C:$N,12,0) -> 成都市 | X134: =VLOOKUP(A134,[1]Sheet0!$C:$L,10,0) -> 13678025571 | Y134: =VLOOKUP(A134,[1]Sheet0!$C:$L,9,0) -> 张克海 | AA134: 08252914551 | AB134: 实习责任险 | AD134: 四川职业技术学院
A135: 195603010222 | B135: =VLOOKUP(A135,学号下拉数据!A:F,2,0) -> 张力 | C135: =VLOOKUP(A135,学号下拉数据!A:F,4,0) -> 机电一体化技术 | D135: =VLOOKUP(A135,学号下拉数据!A:F,5,0) -> 460301 | E135: 电子工程学院 | F135: =VLOOKUP(A135,学号下拉数据!A:F,3,0) -> 19机电2 | G135: =VLOOKUP(A135,学号下拉数据!A:F,6,0) -> 三年 | H135: 2021-2022-2学期 | I135: =VLOOKUP(A135,[1]Sheet0!$C:$J,8,0) -> 生技 | P135: 否 | S135: =VLOOKUP(A135,[1]Sheet0!$C:$I,7,0) -> 鸿富锦精密电子（成都）有限公司 | T135: =VLOOKUP(A135,[1]Sheet0!$C:$M,11,0) -> 四川省 | U135: =VLOOKUP(A135,[1]Sheet0!$C:$N,12,0) -> 成都市 | X135: =VLOOKUP(A135,[1]Sheet0!$C:$L,10,0) -> 028-68828888 | Y135: =VLOOKUP(A135,[1]Sheet0!$C:$L,9,0) -> 张克海 | AA135: 08252914551 | AB135: 实习责任险 | AD135: 四川职业技术学院
A136: 195603010213 | B136: =VLOOKUP(A136,学号下拉数据!A:F,2,0) -> 刘原江 | C136: =VLOOKUP(A136,学号下拉数据!A:F,4,0) -> 机电一体化技术 | D136: =VLOOKUP(A136,学号下拉数据!A:F,5,0) -> 460301 | E136: 电子工程学院 | F136: =VLOOKUP(A136,学号下拉数据!A:F,3,0) -> 19机电2 | G136: =VLOOKUP(A136,学号下拉数据!A:F,6,0) -> 三年 | H136: 2021-2022-2学期 | I136: =VLOOKUP(A136,[1]Sheet0!$C:$J,8,0) -> 开发师 | P136: 否 | S136: =VLOOKUP(A136,[1]Sheet0!$C:$I,7,0) -> 成都启程飞扬科技有限公司 | T136: =VLOOKUP(A136,[1]Sheet0!$C:$M,11,0) -> 四川省 | U136: =VLOOKUP(A136,[1]Sheet0!$C:$N,12,0) -> 成都市 | X136: =VLOOKUP(A136,[1]Sheet0!$C:$L,10,0) -> 18581506582 | Y136: =VLOOKUP(A136,[1]Sheet0!$C:$L,9,0) -> 李旭 | AA136: 08252914551 | AB136: 实习责任险 | AD136: 四川职业技术学院
A137: 195603010216 | B137: =VLOOKUP(A137,学号下拉数据!A:F,2,0) -> 姜涛 | C137: =VLOOKUP(A137,学号下拉数据!A:F,4,0) -> 机电一体化技术 | D137: =VLOOKUP(A137,学号下拉数据!A:F,5,0) -> 460301 | E137: 电子工程学院 | F137: =VLOOKUP(A137,学号下拉数据!A:F,3,0) -> 19机电2 | G137: =VLOOKUP(A137,学号下拉数据!A:F,6,0) -> 三年 | H137: 2021-2022-2学期 | I137: =VLOOKUP(A137,[1]Sheet0!$C:$J,8,0) -> 生产盗版技术人员 | P137: 否 | S137: =VLOOKUP(A137,[1]Sheet0!$C:$I,7,0) -> 上海矽晖电子科技有限公司 | T137: =VLOOKUP(A137,[1]Sheet0!$C:$M,11,0) -> 上海市 | U137: =VLOOKUP(A137,[1]Sheet0!$C:$N,12,0) -> 上海市 | X137: =VLOOKUP(A137,[1]Sheet0!$C:$L,10,0) -> 18616101261 | Y137: =VLOOKUP(A137,[1]Sheet0!$C:$L,9,0) -> 易国宝 | AA137: 08252914551 | AB137: 实习责任险 | AD137: 四川职业技术学院
A138: 195603010206 | B138: =VLOOKUP(A138,学号下拉数据!A:F,2,0) -> 张真 | C138: =VLOOKUP(A138,学号下拉数据!A:F,4,0) -> 机电一体化技术 | D138: =VLOOKUP(A138,学号下拉数据!A:F,5,0) -> 460301 | E138: 电子工程学院 | F138: =VLOOKUP(A138,学号下拉数据!A:F,3,0) -> 19机电2 | G138: =VLOOKUP(A138,学号下拉数据!A:F,6,0) -> 三年 | H138: 2021-2022-2学期 | I138: =VLOOKUP(A138,[1]Sheet0!$C:$J,8,0) -> 现场作业/周边服务 | P138: 否 | S138: =VLOOKUP(A138,[1]Sheet0!$C:$I,7,0) -> 鸿富锦精密电子（成都）有限公司 | T138: =VLOOKUP(A138,[1]Sheet0!$C:$M,11,0) -> 四川省 | U138: =VLOOKUP(A138,[1]Sheet0!$C:$N,12,0) -> 成都市 | X138: =VLOOKUP(A138,[1]Sheet0!$C:$L,10,0) -> 13678025571 | Y138: =VLOOKUP(A138,[1]Sheet0!$C:$L,9,0) -> 张克海 | AA138: 08252914551 | AB138: 实习责任险 | AD138: 四川职业技术学院
A139: 195603010225 | B139: =VLOOKUP(A139,学号下拉数据!A:F,2,0) -> 张健 | C139: =VLOOKUP(A139,学号下拉数据!A:F,4,0) -> 机电一体化技术 | D139: =VLOOKUP(A139,学号下拉数据!A:F,5,0) -> 460301 | E139: 电子工程学院 | F139: =VLOOKUP(A139,学号下拉数据!A:F,3,0) -> 19机电2 | G139: =VLOOKUP(A139,学号下拉数据!A:F,6,0) -> 三年 | H139: 2021-2022-2学期 | I139: =VLOOKUP(A139,[1]Sheet0!$C:$J,8,0) -> 技术员 | P139: 否 | S139: =VLOOKUP(A139,[1]Sheet0!$C:$I,7,0) -> 南通汇羽丰新材料有限公司 | T139: =VLOOKUP(A139,[1]Sheet0!$C:$M,11,0) -> 江苏省 | U139: =VLOOKUP(A139,[1]Sheet0!$C:$N,12,0) -> 南通市 | X139: =VLOOKUP(A139,[1]Sheet0!$C:$L,10,0) -> 13773675722 | Y139: =VLOOKUP(A139,[1]Sheet0!$C:$L,9,0) -> 叶红 | AA139: 08252914551 | AB139: 实习责任险 | AD139: 四川职业技术学院
... A153: 195603010204 | B153: =VLOOKUP(A153,学号下拉数据!A:F,2,0) -> 邱晓三 | C153: =VLOOKUP(A153,学号下拉数据!A:F,4,0) -> 机电一体化技术 | D153: =VLOOKUP(A153,学号下拉数据!A:F,5,0) -> 460301 | E153: 电子工程学院 | F153: =VLOOKUP(A153,学号下拉数据!A:F,3,0) -> 19机电2 | G153: =VLOOKUP(A153,学号下拉数据!A:F,6,0) -> 三年 | H153: 2021-2022-2学期 | I153: =VLOOKUP(A153,[1]Sheet0!$C:$J,8,0) -> 技术员 | P153: 否 | S153: =VLOOKUP(A153,[1]Sheet0!$C:$I,7,0) -> 中国核工业二三建设有限公司 | T153: =VLOOKUP(A153,[1]Sheet0!$C:$M,11,0) -> 甘肃省 | U153: =VLOOKUP(A153,[1]Sheet0!$C:$N,12,0) -> 酒泉市 | X153: =VLOOKUP(A153,[1]Sheet0!$C:$L,10,0) -> 18893772286 | Y153: =VLOOKUP(A153,[1]Sheet0!$C:$L,9,0) -> 王金民 | AA153: 08252914551 | AB153: 实习责任险 | AD153: 四川职业技术学院
A154: 195603010226 | B154: =VLOOKUP(A154,学号下拉数据!A:F,2,0) -> 刘贵霖 | C154: =VLOOKUP(A154,学号下拉数据!A:F,4,0) -> 机电一体化技术 | D154: =VLOOKUP(A154,学号下拉数据!A:F,5,0) -> 460301 | E154: 电子工程学院 | F154: =VLOOKUP(A154,学号下拉数据!A:F,3,0) -> 19机电2 | G154: =VLOOKUP(A154,学号下拉数据!A:F,6,0) -> 三年 | P154: 否 | S154: =VLOOKUP(A154,[3]Sheet1!$A:$K,10,0) -> #N/A | T154: =VLOOKUP(A154,[3]Sheet1!$A:$K,11,0) -> #N/A | AA154: 08252914551 | AB154: 实习责任险 | AD154: 四川职业技术学院
A155: 196101190125 | B155: =VLOOKUP(A155,学号下拉数据!A:F,2,0) -> 李忠金 | C155: =VLOOKUP(A155,学号下拉数据!A:F,4,0) -> 物联网应用技术 | D155: =VLOOKUP(A155,学号下拉数据!A:F,5,0) -> 510102 | E155: 电子工程学院 | F155: =VLOOKUP(A155,学号下拉数据!A:F,3,0) -> 19物联 | G155: =VLOOKUP(A155,学号下拉数据!A:F,6,0) -> 三年 | H155: 2021-2022-2学期 | I155: =VLOOKUP(A155,[1]Sheet0!$C:$J,8,0) -> 汽车服务部前端网页开发维护 | P155: 否 | S155: =VLOOKUP(A155,[1]Sheet0!$C:$I,7,0) -> 成都门门通汽车服务有限公司 | T155: =VLOOKUP(A155,[1]Sheet0!$C:$M,11,0) -> 四川省 | U155: =VLOOKUP(A155,[1]Sheet0!$C:$N,12,0) -> 成都市 | X155: =VLOOKUP(A155,[1]Sheet0!$C:$L,10,0) -> 18008356620 | Y155: =VLOOKUP(A155,[1]Sheet0!$C:$L,9,0) -> 尹明发 | AA155: 08252914551 | AB155: 实习责任险 | AD155: 四川职业技术学院
A156: 196101190118 | B156: =VLOOKUP(A156,学号下拉数据!A:F,2,0) -> 杨佳文 | C156: =VLOOKUP(A156,学号下拉数据!A:F,4,0) -> 物联网应用技术 | D156: =VLOOKUP(A156,学号下拉数据!A:F,5,0) -> 510102 | E156: 电子工程学院 | F156: =VLOOKUP(A156,学号下拉数据!A:F,3,0) -> 19物联 | G156: =VLOOKUP(A156,学号下拉数据!A:F,6,0) -> 三年 | H156: 2021-2022-2学期 | I156: =VLOOKUP(A156,[1]Sheet0!$C:$J,8,0) -> 新媒体运营 | P156: 否 | S156: =VLOOKUP(A156,[1]Sheet0!$C:$I,7,0) -> 遂宁市叁诚装饰工程有限责任公司 | T156: =VLOOKUP(A156,[1]Sheet0!$C:$M,11,0) -> 四川省 | U156: =VLOOKUP(A156,[1]Sheet0!$C:$N,12,0) -> 遂宁市 | X156: =VLOOKUP(A156,[1]Sheet0!$C:$L,10,0) -> 13320880812 | Y156: =VLOOKUP(A156,[1]Sheet0!$C:$L,9,0) -> 何晓海 | AA156: 08252914551 | AB156: 实习责任险 | AD156: 四川职业技术学院
A157: 196101190105 | B157: =VLOOKUP(A157,学号下拉数据!A:F,2,0) -> 周俸仟 | C157: =VLOOKUP(A157,学号下拉数据!A:F,4,0) -> 物联网应用技术 | D157: =VLOOKUP(A157,学号下拉数据!A:F,5,0) -> 510102 | E157: 电子工程学院 | F157: =VLOOKUP(A157,学号下拉数据!A:F,3,0) -> 19物联 | G157: =VLOOKUP(A157,学号下拉数据!A:F,6,0) -> 三年 | H157: 2021-2022-2学期 | I157: =VLOOKUP(A157,[1]Sheet0!$C:$J,8,0) -> 电工 | P157: 否 | S157: =VLOOKUP(A157,[1]Sheet0!$C:$I,7,0) -> 内江华原电子材料有限公司 | T157: =VLOOKUP(A157,[1]Sheet0!$C:$M,11,0) -> 四川省 | U157: =VLOOKUP(A157,[1]Sheet0!$C:$N,12,0) -> 内江市 | X157: =VLOOKUP(A157,[1]Sheet0!$C:$L,10,0) -> 13981431439 | Y157: =VLOOKUP(A157,[1]Sheet0!$C:$L,9,0) -> 李龙彬 | AA157: 08252914551 | AB157: 实习责任险 | AD157: 四川职业技术学院
A158: 196101190108 | B158: =VLOOKUP(A158,学号下拉数据!A:F,2,0) -> 曾韵如 | C158: =VLOOKUP(A158,学号下拉数据!A:F,4,0) -> 物联网应用技术 | D158: =VLOOKUP(A158,学号下拉数据!A:F,5,0) -> 510102 | E158: 电子工程学院 | F158: =VLOOKUP(A158,学号下拉数据!A:F,3,0) -> 19物联 | G158: =VLOOKUP(A158,学号下拉数据!A:F,6,0) -> 三年 | H158: 2021-2022-2学期 | I158: =VLOOKUP(A158,[1]Sheet0!$C:$J,8,0) -> 招生老师 | P158: 否 | S158: =VLOOKUP(A158,[1]Sheet0!$C:$I,7,0) -> 北京中公教育科技有限公司遂宁分公司 | T158: =VLOOKUP(A158,[1]Sheet0!$C:$M,11,0) -> 四川省 | U158: =VLOOKUP(A158,[1]Sheet0!$C:$N,12,0) -> 遂宁市 | X158: =VLOOKUP(A158,[1]Sheet0!$C:$L,10,0) -> 18380508392 | Y158: =VLOOKUP(A158,[1]Sheet0!$C:$L,9,0) -> 唐震 | AA158: 08252914551 | AB158: 实习责任险 | AD158: 四川职业技术学院
A159: 196101190126 | B159: =VLOOKUP(A159,学号下拉数据!A:F,2,0) -> 唐于慧 | C159: =VLOOKUP(A159,学号下拉数据!A:F,4,0) -> 物联网应用技术 | D159: =VLOOKUP(A159,学号下拉数据!A:F,5,0) -> 510102 | E159: 电子工程学院 | F159: =VLOOKUP(A159,学号下拉数据!A:F,3,0) -> 19物联 | G159: =VLOOKUP(A159,学号下拉数据!A:F,6,0) -> 三年 | H159: 2021-2022-2学期 | I159: =VLOOKUP(A159,[1]Sheet0!$C:$J,8,0) -> 辅警 | P159: 否 | S159: =VLOOKUP(A159,[1]Sheet0!$C:$I,7,0) -> 四川省资阳市乐至县公安局 | T159: =VLOOKUP(A159,[1]Sheet0!$C:$M,11,0) -> 四川省 | U159: =VLOOKUP(A159,[1]Sheet0!$C:$N,12,0) -> 资阳市 | X159: =VLOOKUP(A159,[1]Sheet0!$C:$L,10,0) -> 15502887776 | Y159: =VLOOKUP(A159,[1]Sheet0!$C:$L,9,0) -> 舒奭 | AA159: 08252914551 | AB159: 实习责任险 | AD159: 四川职业技术学院
A160: 196101190119 | B160: =VLOOKUP(A160,学号下拉数据!A:F,2,0) -> 李德成 | C160: =VLOOKUP(A160,学号下拉数据!A:F,4,0) -> 物联网应用技术 | D160: =VLOOKUP(A160,学号下拉数据!A:F,5,0) -> 510102 | E160: 电子工程学院 | F160: =VLOOKUP(A160,学号下拉数据!A:F,3,0) -> 19物联 | G160: =VLOOKUP(A160,学号下拉数据!A:F,6,0) -> 三年 | H160: 2021-2022-2学期 | I160: =VLOOKUP(A160,[1]Sheet0!$C:$J,8,0) -> 广告设计师 | P160: 否 | S160: =VLOOKUP(A160,[1]Sheet0!$C:$I,7,0) -> 四川麦吉广告有限公司 | T160: =VLOOKUP(A160,[1]Sheet0!$C:$M,11,0) -> 四川省 | U160: =VLOOKUP(A160,[1]Sheet0!$C:$N,12,0) -> 德阳市 | X160: =VLOOKUP(A160,[1]Sheet0!$C:$L,10,0) -> 18180639100 | Y160: =VLOOKUP(A160,[1]Sheet0!$C:$L,9,0) -> 陈碧伟 | AA160: 08252914551 | AB160: 实习责任险 | AD160: 四川职业技术学院
A161: 196101190102 | B161: =VLOOKUP(A161,学号下拉数据!A:F,2,0) -> 王雯 | C161: =VLOOKUP(A161,学号下拉数据!A:F,4,0) -> 物联网应用技术 | D161: =VLOOKUP(A161,学号下拉数据!A:F,5,0) -> 510102 | E161: 电子工程学院 | F161: =VLOOKUP(A161,学号下拉数据!A:F,3,0) -> 19物联 | G161: =VLOOKUP(A161,学号下拉数据!A:F,6,0) -> 三年 | H161: 2021-2022-2学期 | I161: =VLOOKUP(A161,[1]Sheet0!$C:$J,8,0) -> 销售助理 | P161: 否 | S161: =VLOOKUP(A161,[1]Sheet0!$C:$I,7,0) -> 遂宁数字城市科技有限公司 | T161: =VLOOKUP(A161,[1]Sheet0!$C:$M,11,0) -> 四川省 | U161: =VLOOKUP(A161,[1]Sheet0!$C:$N,12,0) -> 遂宁市 | X161: =VLOOKUP(A161,[1]Sheet0!$C:$L,10,0) -> 18398151885 | Y161: =VLOOKUP(A161,[1]Sheet0!$C:$L,9,0) -> 张雪 | AA161: 08252914551 | AB161: 实习责任险 | AD161: 四川职业技术学院
A162: 196101190117 | B162: =VLOOKUP(A162,学号下拉数据!A:F,2,0) -> 廖可 | C162: =VLOOKUP(A162,学号下拉数据!A:F,4,0) -> 物联网应用技术 | D162: =VLOOKUP(A162,学号下拉数据!A:F,5,0) -> 510102 | E162: 电子工程学院 | F162: =VLOOKUP(A162,学号下拉数据!A:F,3,0) -> 19物联 | G162: =VLOOKUP(A162,学号下拉数据!A:F,6,0) -> 三年 | H162: 2021-2022-2学期 | I162: =VLOOKUP(A162,[1]Sheet0!$C:$J,8,0) -> 咨询师 | P162: 否 | S162: =VLOOKUP(A162,[1]Sheet0!$C:$I,7,0) -> 北京中公教育科技有限公司遂宁分公司 | T162: =VLOOKUP(A162,[1]Sheet0!$C:$M,11,0) -> 四川省 | U162: =VLOOKUP(A162,[1]Sheet0!$C:$N,12,0) -> 遂宁市 | X162: =VLOOKUP(A162,[1]Sheet0!$C:$L,10,0) -> 19182580067 | Y162: =VLOOKUP(A162,[1]Sheet0!$C:$L,9,0) -> 唐震 | AA162: 08252914551 | AB162: 实习责任险 | AD162: 四川职业技术学院
A163: 196101190103 | B163: =VLOOKUP(A163,学号下拉数据!A:F,2,0) -> 蒲玉石 | C163: =VLOOKUP(A163,学号下拉数据!A:F,4,0) -> 物联网应用技术 | D163: =VLOOKUP(A163,学号下拉数据!A:F,5,0) -> 510102 | E163: 电子工程学院 | F163: =VLOOKUP(A163,学号下拉数据!A:F,3,0) -> 19物联 | G163: =VLOOKUP(A163,学号下拉数据!A:F,6,0) -> 三年 | H163: 2021-2022-2学期 | I163: =VLOOKUP(A163,[1]Sheet0!$C:$J,8,0) -> 市场营销 | P163: 否 | S163: =VLOOKUP(A163,[1]Sheet0!$C:$I,7,0) -> 北京中公教育科技有限公司遂宁分公司 | T163: =VLOOKUP(A163,[1]Sheet0!$C:$M,11,0) -> 四川省 | U163: =VLOOKUP(A163,[1]Sheet0!$C:$N,12,0) -> 遂宁市 | X163: =VLOOKUP(A163,[1]Sheet0!$C:$L,10,0) -> 18380508392 | Y163: =VLOOKUP(A163,[1]Sheet0!$C:$L,9,0) -> 唐震 | AA163: 08252914551 | AB163: 实习责任险 | AD163: 四川职业技术学院
A164: 196101190101 | B164: =VLOOKUP(A164,学号下拉数据!A:F,2,0) -> 张岚 | C164: =VLOOKUP(A164,学号下拉数据!A:F,4,0) -> 物联网应用技术 | D164: =VLOOKUP(A164,学号下拉数据!A:F,5,0) -> 510102 | E164: 电子工程学院 | F164: =VLOOKUP(A164,学号下拉数据!A:F,3,0) -> 19物联 | G164: =VLOOKUP(A164,学号下拉数据!A:F,6,0) -> 三年 | H164: 2021-2022-2学期 | I164: =VLOOKUP(A164,[1]Sheet0!$C:$J,8,0) -> 门店店员 | P164: 否 | S164: =VLOOKUP(A164,[1]Sheet0!$C:$I,7,0) -> 四川大狮优聘人力资源有限公司第二分公司 | T164: =VLOOKUP(A164,[1]Sheet0!$C:$M,11,0) -> 江苏省 | U164: =VLOOKUP(A164,[1]Sheet0!$C:$N,12,0) -> 淮安市 | X164: =VLOOKUP(A164,[1]Sheet0!$C:$L,10,0) -> 18048625152 | Y164: =VLOOKUP(A164,[1]Sheet0!$C:$L,9,0) -> 罗春燕 | AA164: 08252914551 | AB164: 实习责任险 | AD164: 四川职业技术学院
A165: 196101190122 | B165: =VLOOKUP(A165,学号下拉数据!A:F,2,0) -> 董帅 | C165: =VLOOKUP(A165,学号下拉数据!A:F,4,0) -> 物联网应用技术 | D165: =VLOOKUP(A165,学号下拉数据!A:F,5,0) -> 510102 | E165: 电子工程学院 | F165: =VLOOKUP(A165,学号下拉数据!A:F,3,0) -> 19物联 | G165: =VLOOKUP(A165,学号下拉数据!A:F,6,0) -> 三年 | H165: 2021-2022-2学期 | I165: =VLOOKUP(A165,[1]Sheet0!$C:$J,8,0) -> 测试工程师 | P165: 否 | S165: =VLOOKUP(A165,[1]Sheet0!$C:$I,7,0) -> 慧博云通科技股份有限公司 | T165: =VLOOKUP(A165,[1]Sheet0!$C:$M,11,0) -> 四川省 | U165: =VLOOKUP(A165,[1]Sheet0!$C:$N,12,0) -> 成都市 | X165: =VLOOKUP(A165,[1]Sheet0!$C:$L,10,0) -> 18096208227 | Y165: =VLOOKUP(A165,[1]Sheet0!$C:$L,9,0) -> 王靖雯 | AA165: 08252914551 | AB165: 实习责任险 | AD165: 四川职业技术学院
A166: 196101190112 | B166: =VLOOKUP(A166,学号下拉数据!A:F,2,0) -> 李丹 | C166: =VLOOKUP(A166,学号下拉数据!A:F,4,0) -> 物联网应用技术 | D166: =VLOOKUP(A166,学号下拉数据!A:F,5,0) -> 510102 | E166: 电子工程学院 | F166: =VLOOKUP(A166,学号下拉数据!A:F,3,0) -> 19物联 | G166: =VLOOKUP(A166,学号下拉数据!A:F,6,0) -> 三年 | H166: 2021-2022-2学期 | I166: =VLOOKUP(A166,[1]Sheet0!$C:$J,8,0) -> 总经理助理 | P166: 否 | S166: =VLOOKUP(A166,[1]Sheet0!$C:$I,7,0) -> 超级智慧家（上海）物联网科技有限公司 | T166: =VLOOKUP(A166,[1]Sheet0!$C:$M,11,0) -> 上海市 | U166: =VLOOKUP(A166,[1]Sheet0!$C:$N,12,0) -> 上海市 | X166: =VLOOKUP(A166,[1]Sheet0!$C:$L,10,0) -> 13386069956 | Y166: =VLOOKUP(A166,[1]Sheet0!$C:$L,9,0) -> 肖林 | AA166: 08252914551 | AB166: 实习责任险 | AD166: 四川职业技术学院
... A183: 196101190113 | B183: =VLOOKUP(A183,学号下拉数据!A:F,2,0) -> 李东京 | C183: =VLOOKUP(A183,学号下拉数据!A:F,4,0) -> 物联网应用技术 | D183: =VLOOKUP(A183,学号下拉数据!A:F,5,0) -> 510102 | E183: 电子工程学院 | F183: =VLOOKUP(A183,学号下拉数据!A:F,3,0) -> 19物联 | G183: =VLOOKUP(A183,学号下拉数据!A:F,6,0) -> 三年 | H183: 2021-2022-2学期 | I183: =VLOOKUP(A183,[1]Sheet0!$C:$J,8,0) -> 人事部 | P183: 否 | S183: =VLOOKUP(A183,[1]Sheet0!$C:$I,7,0) -> 东莞天鹿达供应链管理有限公司 | T183: =VLOOKUP(A183,[1]Sheet0!$C:$M,11,0) -> 广东省 | U183: =VLOOKUP(A183,[1]Sheet0!$C:$N,12,0) -> 东莞市 | X183: =VLOOKUP(A183,[1]Sheet0!$C:$L,10,0) -> 13686671036 | Y183: =VLOOKUP(A183,[1]Sheet0!$C:$L,9,0) -> 刘永平 | AA183: 08252914551 | AB183: 实习责任险 | AD183: 四川职业技术学院
A184: 196101190104 | B184: =VLOOKUP(A184,学号下拉数据!A:F,2,0) -> 孔德娟 | C184: =VLOOKUP(A184,学号下拉数据!A:F,4,0) -> 物联网应用技术 | D184: =VLOOKUP(A184,学号下拉数据!A:F,5,0) -> 510102 | E184: 电子工程学院 | F184: =VLOOKUP(A184,学号下拉数据!A:F,3,0) -> 19物联 | G184: =VLOOKUP(A184,学号下拉数据!A:F,6,0) -> 三年 | P184: 否 | S184: =VLOOKUP(A184,[3]Sheet1!$A:$K,10,0) -> #N/A | T184: =VLOOKUP(A184,[3]Sheet1!$A:$K,11,0) -> #N/A | AA184: 08252914551 | AB184: 实习责任险 | AD184: 四川职业技术学院
A185: 196101190106 | B185: =VLOOKUP(A185,学号下拉数据!A:F,2,0) -> 吴洋 | C185: =VLOOKUP(A185,学号下拉数据!A:F,4,0) -> 物联网应用技术 | D185: =VLOOKUP(A185,学号下拉数据!A:F,5,0) -> 510102 | E185: 电子工程学院 | F185: =VLOOKUP(A185,学号下拉数据!A:F,3,0) -> 19物联 | G185: =VLOOKUP(A185,学号下拉数据!A:F,6,0) -> 三年 | P185: 否 | S185: =VLOOKUP(A185,[3]Sheet1!$A:$K,10,0) -> 参军 | T185: =VLOOKUP(A185,[3]Sheet1!$A:$K,11,0) -> 河北保定 | AA185: 08252914551 | AB185: 实习责任险 | AD185: 四川职业技术学院
A186: 196101190116 | B186: =VLOOKUP(A186,学号下拉数据!A:F,2,0) -> 赵耀 | C186: =VLOOKUP(A186,学号下拉数据!A:F,4,0) -> 物联网应用技术 | D186: =VLOOKUP(A186,学号下拉数据!A:F,5,0) -> 510102 | E186: 电子工程学院 | F186: =VLOOKUP(A186,学号下拉数据!A:F,3,0) -> 19物联 | G186: =VLOOKUP(A186,学号下拉数据!A:F,6,0) -> 三年 | P186: 否 | S186: =VLOOKUP(A186,[3]Sheet1!$A:$K,10,0) -> #N/A | T186: =VLOOKUP(A186,[3]Sheet1!$A:$K,11,0) -> #N/A | AA186: 08252914551 | AB186: 实习责任险 | AD186: 四川职业技术学院
A187: 196101020126 | B187: =VLOOKUP(A187,学号下拉数据!A:F,2,0) -> 何佳川 | C187: =VLOOKUP(A187,学号下拉数据!A:F,4,0) -> 应用电子技术 | D187: =VLOOKUP(A187,学号下拉数据!A:F,5,0) -> 510103 | E187: 电子工程学院 | F187: =VLOOKUP(A187,学号下拉数据!A:F,3,0) -> 19电技1 | G187: =VLOOKUP(A187,学号下拉数据!A:F,6,0) -> 三年 | H187: 2021-2022-2学期 | I187: =VLOOKUP(A187,[1]Sheet0!$C:$J,8,0) -> 包装材料及技术服务 | P187: 否 | S187: =VLOOKUP(A187,[1]Sheet0!$C:$I,7,0) -> 山东聚能电子科技有限公司 | T187: =VLOOKUP(A187,[1]Sheet0!$C:$M,11,0) -> 山东省 | U187: =VLOOKUP(A187,[1]Sheet0!$C:$N,12,0) -> 德州市 | X187: =VLOOKUP(A187,[1]Sheet0!$C:$L,10,0) -> 13305449876 | Y187: =VLOOKUP(A187,[1]Sheet0!$C:$L,9,0) -> 13305449876 | AA187: 08252914551 | AB187: 实习责任险 | AD187: 四川职业技术学院
A188: 196101020116 | B188: =VLOOKUP(A188,学号下拉数据!A:F,2,0) -> 阳文豪 | C188: =VLOOKUP(A188,学号下拉数据!A:F,4,0) -> 应用电子技术 | D188: =VLOOKUP(A188,学号下拉数据!A:F,5,0) -> 510103 | E188: 电子工程学院 | F188: =VLOOKUP(A188,学号下拉数据!A:F,3,0) -> 19电技1 | G188: =VLOOKUP(A188,学号下拉数据!A:F,6,0) -> 三年 | H188: 2021-2022-2学期 | I188: =VLOOKUP(A188,[1]Sheet0!$C:$J,8,0) -> 设备助理工程师 | P188: 否 | S188: =VLOOKUP(A188,[1]Sheet0!$C:$I,7,0) -> 成都京东方光电科技有限公司 | T188: =VLOOKUP(A188,[1]Sheet0!$C:$M,11,0) -> 四川省 | U188: =VLOOKUP(A188,[1]Sheet0!$C:$N,12,0) -> 成都市 | X188: =VLOOKUP(A188,[1]Sheet0!$C:$L,10,0) -> 18381006181 | Y188: =VLOOKUP(A188,[1]Sheet0!$C:$L,9,0) -> 王子涵 | AA188: 08252914551 | AB188: 实习责任险 | AD188: 四川职业技术学院
A189: 196101020117 | B189: =VLOOKUP(A189,学号下拉数据!A:F,2,0) -> 魏天祥 | C189: =VLOOKUP(A189,学号下拉数据!A:F,4,0) -> 应用电子技术 | D189: =VLOOKUP(A189,学号下拉数据!A:F,5,0) -> 510103 | E189: 电子工程学院 | F189: =VLOOKUP(A189,学号下拉数据!A:F,3,0) -> 19电技1 | G189: =VLOOKUP(A189,学号下拉数据!A:F,6,0) -> 三年 | H189: 2021-2022-2学期 | I189: =VLOOKUP(A189,[1]Sheet0!$C:$J,8,0) -> 设备运维岗 | P189: 否 | S189: =VLOOKUP(A189,[1]Sheet0!$C:$I,7,0) -> 成都京东方科技有限公司 | T189: =VLOOKUP(A189,[1]Sheet0!$C:$M,11,0) -> 四川省 | U189: =VLOOKUP(A189,[1]Sheet0!$C:$N,12,0) -> 成都市 | X189: =VLOOKUP(A189,[1]Sheet0!$C:$L,10,0) -> 18381006181 | Y189: =VLOOKUP(A189,[1]Sheet0!$C:$L,9,0) -> 王子涵 | AA189: 08252914551 | AB189: 实习责任险 | AD189: 四川职业技术学院
A190: 196101020130 | B190: =VLOOKUP(A190,学号下拉数据!A:F,2,0) -> 叶欣 | C190: =VLOOKUP(A190,学号下拉数据!A:F,4,0) -> 应用电子技术 | D190: =VLOOKUP(A190,学号下拉数据!A:F,5,0) -> 510103 | E190: 电子工程学院 | F190: =VLOOKUP(A190,学号下拉数据!A:F,3,0) -> 19电技1 | G190: =VLOOKUP(A190,学号下拉数据!A:F,6,0) -> 三年 | H190: 2021-2022-2学期 | I190: =VLOOKUP(A190,[1]Sheet0!$C:$J,8,0) -> 技术员 | P190: 否 | S190: =VLOOKUP(A190,[1]Sheet0!$C:$I,7,0) -> 欧克仪表（深圳）科技有限公司 | T190: =VLOOKUP(A190,[1]Sheet0!$C:$M,11,0) -> 广东省 | U190: =VLOOKUP(A190,[1]Sheet0!$C:$N,12,0) -> 深圳市 | X190: =VLOOKUP(A190,[1]Sheet0!$C:$L,10,0) -> 13670001799 | Y190: =VLOOKUP(A190,[1]Sheet0!$C:$L,9,0) -> 罗其良 | AA190: 08252914551 | AB190: 实习责任险 | AD190: 四川职业技术学院
A191: 196101020121 | B191: =VLOOKUP(A191,学号下拉数据!A:F,2,0) -> 蒋圆圆 | C191: =VLOOKUP(A191,学号下拉数据!A:F,4,0) -> 应用电子技术 | D191: =VLOOKUP(A191,学号下拉数据!A:F,5,0) -> 510103 | E191: 电子工程学院 | F191: =VLOOKUP(A191,学号下拉数据!A:F,3,0) -> 19电技1 | G191: =VLOOKUP(A191,学号下拉数据!A:F,6,0) -> 三年 | H191: 2021-2022-2学期 | I191: =VLOOKUP(A191,[1]Sheet0!$C:$J,8,0) -> 实习技术助理 | P191: 否 | S191: =VLOOKUP(A191,[1]Sheet0!$C:$I,7,0) -> 成都铭瓷电子科技有限公司 | T191: =VLOOKUP(A191,[1]Sheet0!$C:$M,11,0) -> 四川省 | U191: =VLOOKUP(A191,[1]Sheet0!$C:$N,12,0) -> 成都市 | X191: =VLOOKUP(A191,[1]Sheet0!$C:$L,10,0) -> 18215621457 | Y191: =VLOOKUP(A191,[1]Sheet0!$C:$L,9,0) -> 尹彦婉 | AA191: 08252914551 | AB191: 实习责任险 | AD191: 四川职业技术学院
A192: 196101020124 | B192: =VLOOKUP(A192,学号下拉数据!A:F,2,0) -> 唐伟洋 | C192: =VLOOKUP(A192,学号下拉数据!A:F,4,0) -> 应用电子技术 | D192: =VLOOKUP(A192,学号下拉数据!A:F,5,0) -> 510103 | E192: 电子工程学院 | F192: =VLOOKUP(A192,学号下拉数据!A:F,3,0) -> 19电技1 | G192: =VLOOKUP(A192,学号下拉数据!A:F,6,0) -> 三年 | H192: 2021-2022-2学期 | I192: =VLOOKUP(A192,[1]Sheet0!$C:$J,8,0) -> 现场作业 | P192: 否 | S192: =VLOOKUP(A192,[1]Sheet0!$C:$I,7,0) -> 鸿富锦精密电子（成都）有限公司 | T192: =VLOOKUP(A192,[1]Sheet0!$C:$M,11,0) -> 四川省 | U192: =VLOOKUP(A192,[1]Sheet0!$C:$N,12,0) -> 成都市 | X192: =VLOOKUP(A192,[1]Sheet0!$C:$L,10,0) -> 13678025571 | Y192: =VLOOKUP(A192,[1]Sheet0!$C:$L,9,0) -> 张克海 | AA192: 08252914551 | AB192: 实习责任险 | AD192: 四川职业技术学院
A193: 196101020123 | B193: =VLOOKUP(A193,学号下拉数据!A:F,2,0) -> 张云涛 | C193: =VLOOKUP(A193,学号下拉数据!A:F,4,0) -> 应用电子技术 | D193: =VLOOKUP(A193,学号下拉数据!A:F,5,0) -> 510103 | E193: 电子工程学院 | F193: =VLOOKUP(A193,学号下拉数据!A:F,3,0) -> 19电技1 | G193: =VLOOKUP(A193,学号下拉数据!A:F,6,0) -> 三年 | H193: 2021-2022-2学期 | I193: =VLOOKUP(A193,[1]Sheet0!$C:$J,8,0) -> 设备运维岗 | P193: 否 | S193: =VLOOKUP(A193,[1]Sheet0!$C:$I,7,0) -> 贵州永安农牧设备有限公司 | T193: =VLOOKUP(A193,[1]Sheet0!$C:$M,11,0) -> 贵州省 | U193: =VLOOKUP(A193,[1]Sheet0!$C:$N,12,0) -> 贵阳市 | X193: =VLOOKUP(A193,[1]Sheet0!$C:$L,10,0) -> 13312231802 | Y193: =VLOOKUP(A193,[1]Sheet0!$C:$L,9,0) -> 杨应林 | AA193: 08252914551 | AB193: 实习责任险 | AD193: 四川职业技术学院
A194: 196101020104 | B194: =VLOOKUP(A194,学号下拉数据!A:F,2,0) -> 李国鸿 | C194: =VLOOKUP(A194,学号下拉数据!A:F,4,0) -> 应用电子技术 | D194: =VLOOKUP(A194,学号下拉数据!A:F,5,0) -> 510103 | E194: 电子工程学院 | F194: =VLOOKUP(A194,学号下拉数据!A:F,3,0) -> 19电技1 | G194: =VLOOKUP(A194,学号下拉数据!A:F,6,0) -> 三年 | H194: 2021-2022-2学期 | I194: =VLOOKUP(A194,[1]Sheet0!$C:$J,8,0) -> 现场作业/周边服务 | P194: 否 | S194: =VLOOKUP(A194,[1]Sheet0!$C:$I,7,0) -> 鸿富锦精密电子（成都）有限公司 | T194: =VLOOKUP(A194,[1]Sheet0!$C:$M,11,0) -> 四川省 | U194: =VLOOKUP(A194,[1]Sheet0!$C:$N,12,0) -> 成都市 | X194: =VLOOKUP(A194,[1]Sheet0!$C:$L,10,0) -> 13678025571 | Y194: =VLOOKUP(A194,[1]Sheet0!$C:$L,9,0) -> 张克海 | AA194: 08252914551 | AB194: 实习责任险 | AD194: 四川职业技术学院
...

Sheet 学号下拉数据
A1: 学号 | B1: 姓名 | C1: 班级名称（全称） | D1: 专业名称 | E1: 专业代码 | F1: 学制
A2: 12156030102118 | B2: 沈燕波 | C2: 20建筑4 | D2: 建筑工程技术 | E2: 440301 | F2: 三年
A3: 13156050209142 | B3: 王东 | C3: 19工造1 | D3: 工程造价 | E3: 440501 | F3: 三年
A4: 13162020608108 | B4: 骆梦 | C4: 19会计4 | D4: 大数据与会计 | E4: 530302 | F4: 三年
A5: 1458010310308 | B5: 陈建钧 | C5: 19网络1 | D5: 计算机网络技术 | E5: 510202 | F5: 三年
A6: 1459020210113 | B6: 向广川 | C6: 19电技1 | D6: 应用电子技术 | E6: 510103 | F6: 三年
A7: 1466021410923 | B7: 张涛 | C7: 19学前8 | D7: 学前教育 | E7: 570102K | F7: 三年
A8: 1466030310111 | B8: 张富欣 | C8: 19社体 | D8: 社会体育 | E8: 570301 | F8: 三年
A9: 155603010247 | B9: 谢鹏 | C9: 20建筑4 | D9: 建筑工程技术 | E9: 440301 | F9: 三年
A10: 155804010136 | B10: 朱科 | C10: 19建筑1 | D10: 建筑工程技术 | E10: 440301 | F10: 三年
A11: 155902020110 | B11: 康瑜 | C11: 20电技4 | D11: 应用电子技术 | E11: 510103 | F11: 三年
A12: 165405020120 | B12: 方廷 | C12: 19工造1 | D12: 工程造价 | E12: 440501 | F12: 三年
... A15203: 22J5703010112 | B15203: 蒋仕军 | C15203: 22社体J | D15203: 社会体育 | E15203: 570301 | F15203: 三年

Sheet 学制下拉数据
A1: 学制
A2: 二年
A3: 三年
A4: 四年
A5: 五年

Sheet 起始学期下拉数据
A1: 起始学期
A2: 2021-2022-1学期
A3: 2021-2022-2学期

Sheet 实习安排下拉数据
A1: 实习安排
A2: 学校统一安排
A3: 自主联系

Sheet 实习形式下拉数据
A1: 实习形式
A2: 虚拟仿真实习
A3: 校内真实职业场景实习
A4: 校外实习

Sheet 实习企业名称下拉数据
A1: 实习企业名称
A2: 遂宁档案馆
A3: 浙江东菱股份有限公司阳光大酒店
A4: 启迪幼儿园
A5: 四川纵横投资有限责任公司
A6: 紫竹路幼儿园
A7: 四川长虹模塑科技有限公司
A8: 人本集团
A9: 上海灿耀天昂智能科技有限公司
A10: 遂宁市西部华源医药有限公司
A11: 遂宁高级实验中学
A12: 遂宁市大鹏程广告
... A659: 贵州铭欣科技服务有限公司

Sheet 所在省份下拉数据
A1: 所在省份
A2: 北京市
A3: 天津市
A4: 河北省
A5: 山西省
A6: 内蒙古自治区
A7: 辽宁省
A8: 吉林省
A9: 黑龙江省
A10: 上海市
A11: 江苏省
A12: 浙江省
... A35: 澳门特别行政区

Sheet 所在地市下拉数据
A1: 所在地市
A2: 东城区
A3: 西城区
A4: 丰台区
A5: 朝阳区
A6: 石景山区
A7: 海淀区
A8: 通州区
A9: 顺义区
A10: 大兴区
A11: 门头沟区
A12: 房山区
... A476: 澳门特别行政区

Sheet 教师姓名下拉数据
A1: 教师姓名
A2: 谢天贵
A3: 唐继超
A4: 彭波
A5: 黄宗贵
A6: 谢大川
A7: 尹琳
A8: 谢碧琼
A9: 徐滔
A10: 李榕
A11: 田凯
A12: 林均平
... A843: 王玮

Sheet 企业人员姓名下拉数据
A1: 企业人员姓名
A2: 张晓宁
A3: 庞鹭
A4: 刘应和
A5: 张卫
A6: 庞静
A7: 万霞
A8: 唐春梅
A9: 谭春兵
A10: 邹海
A11: 王予
A12: 张诚
... A311: 吴国辉
